 Dungeon Crawl Stone Soup version 0.20-a0 (webtiles) character file.

1084664 varam the Conqueror (level 27, -16/199 HPs)
             Began as a Gargoyle Fighter on Oct 27, 2016.
             Was the Champion of Makhleb.
             Killed from afar by a pearl dragon (40 damage)
             ... with a blast of cleansing flame
             ... on level 17 of a ziggurat on Oct 28, 2016.
             The game lasted 10:08:26 (110032 turns).

varam the Conqueror (Gargoyle Fighter)            Turns: 110032, Time: 10:08:26

Health: -16/199    AC: 59    Str: 32    XL:     27
Magic:  15/40      EV: 25    Int: 20    God:    Makhleb [******]
Gold:   12751      SH: 24    Dex: 27    Spells: 11 memorised, 16 levels left

rFire  + + .     SeeInvis .     W - +9 broad axe (vamp)
rCold  + + .     Gourm    .     u - +10 plate armour "Vyrchy" {rPois rN+ MR+ Int+6}
rNeg   + + +     Faith    .     K - +5 shield {rC+}
rPois  ∞         Spirit   .     U - -2 hat of the Alchemist {rElec rPois rF+ rC+ rN+ MR+ rMut rCorr}
rElec  +         Reflect  .     B - +0 cloak of Ladders and Snakes {rCorr Int+6}
rCorr  +         Harm     .     N - +2 pair of gloves {Str+3}
rMut   +         Clarity  +     j - +2 pair of boots "Jinuteyke" {MR++ Int-5 Dex+6}
MR     +++++                    H - amulet "Faofetz" {Regen+ Dex+3 Slay+3 Stlth+}
Stlth  +.........               l - ring "Tadghut" {rCorr rC- Str+3 Dex+4 Slay+3}
                                L - ring "Dibicotan" {rF+ rC+}

@: infused (expiring), singing, flying, glowing, repel missiles
A: big wings, beak, agile 1, blurry vision 1, clarity, negative energy
resistance 1, electricity resistance, unbreathing, evolution 1, petrification
resistance, rot immunity, AC +20
a: Stop Flying, Minor Destruction, Lesser Servant of Makhleb, Major Destruction,
Greater Servant of Makhleb, Renounce Religion, Stop Singing
}: 7/15 runes: decaying, serpentine, slimy, silver, golden, abyssal, demonic


You were on level 17 of a ziggurat.
You worshipped Makhleb.
Makhleb was exalted by your worship.
You were hungry.

You visited 12 branches of the dungeon, and saw 56 of its levels.
You visited Pandemonium 1 time, and saw 6 of its levels.
You visited the Abyss 3 times.
You visited 1 ziggurat, and saw 17 of its levels.
You also visited: Trove, Bailey, Ice Cave and Desolation.

You collected 13899 gold pieces.
You spent 1148 gold pieces at shops.

Inventory:

Hand Weapons
 w - a +9 broad axe of freezing
 x - the +4 broad axe "Omanomm" {antimagic, rF+ SInv}
   (Okawaru gifted it to you on level 2 of the Elven Halls)

   It reduces the magical energy of the wielder, and disrupts the spells and
   magical abilities of those hit.
   Natural abilities and divine invocations are not affected.
   It protects you from fire.
   It lets you see invisible.
 z - a +9 sacred scourge of holy wrath
 W - a +9 vampiric broad axe (weapon)
Armour
 j - the +2 pair of boots "Jinuteyke" (worn) {MR++ Int-5 Dex+6}
   (Okawaru gifted it to you on level 3 of the Lair of Beasts)

   It affects your intelligence (-5).
   It affects your dexterity (+6).
   It affects your resistance to hostile enchantments.
 u - the +10 plate armour "Vyrchy" (worn) {rPois rN+ MR+ Int+6}
   (You found it on level 12 of the Dungeon)

   It affects your intelligence (+6).
   It protects you from poison.
   It protects you from negative energy.
   It affects your resistance to hostile enchantments.
 B - the +0 cloak of Ladders and Snakes (worn) {rCorr Int+6}
   (You found it on level 4 of the Depths)

   It affects your intelligence (+6).
   It protects you from acid and corrosion.
 K - a +5 shield of cold resistance (worn)
 N - a +2 pair of gloves of strength (worn)
 U - the -2 hat of the Alchemist (worn) {rElec rPois rF+ rC+ rN+ MR+ rMut rCorr}
   (You found it in the Desolation of Salt)

   It protects you from fire.
   It protects you from cold.
   It insulates you from electricity.
   It protects you from poison.
   It protects you from negative energy.
   It affects your resistance to hostile enchantments.
   It protects you from acid and corrosion.
   It protects you from mutation.
Rods
 E - a +6 rod of clouds (10/10)
   (You took it off a deep elf elementalist on level 3 of the Elven Halls)
 P - a +9 rod of shadows (17/17)
   (You took it off a deep elf death mage on level 3 of the Elven Halls)
Jewellery
 c - the amulet "Empycaen" {RegenMP rF+ rC+ MR- Stlth+}
   (You took it off a deep elf sorcerer on level 3 of the Elven Halls)

   [amulet of magic regeneration]

   It increases your magic regeneration.
   It protects you from fire.
   It protects you from cold.
   It affects your resistance to hostile enchantments.
   It makes you more stealthy.
 l - the ring "Tadghut" (right hand) {rCorr rC- Str+3 Dex+4 Slay+3}
   (You found it on level 1 of the Abyss)

   [ring of resist corrosion]

   It affects your strength (+3).
   It affects your dexterity (+4).
   It affects your accuracy and damage with ranged weapons and melee attacks
   (+3).
   It makes you vulnerable to cold.
 s - an uncursed ring of see invisible
 H - the amulet "Faofetz" (around neck) {Regen+ Dex+3 Slay+3 Stlth+}
   (You found it in the Desolation of Salt)

   [amulet of regeneration]

   It affects your dexterity (+3).
   It affects your accuracy and damage with ranged weapons and melee attacks
   (+3).
   It increases your rate of regeneration.
   It makes you more stealthy.
 L - the ring "Dibicotan" (left hand) {rF+ rC+}
   (You found it on level 4 of the Depths)

   [ring of protection from fire]

   It protects you from fire.
   It protects you from cold.
Wands
 m - a wand of disintegration (12/24)
 p - a wand of digging (16/24)
 M - a wand of acid (3/15)
 O - a wand of heal wounds (7/9)
 S - a wand of teleportation (9/9)
 X - a wand of iceblast (12/15)
Scrolls
 a - 13 scrolls of fog
 b - 3 scrolls of silence
 g - 34 scrolls of teleportation
 n - 7 scrolls of identify
 t - a scroll of recharging
 v - 2 scrolls of summoning
 y - 12 scrolls of fear
 A - 14 scrolls of magic mapping
 D - a scroll of enchant weapon
 F - 7 scrolls of blinking
 R - 4 scrolls of holy word
 T - 37 scrolls of remove curse {@r2}
Potions
 h - 4 potions of invisibility
 k - 5 potions of haste
 o - 5 potions of might
 q - 26 potions of curing {@q1}
 G - 4 potions of resistance
 Q - 17 potions of heal wounds
 Y - 7 potions of cure mutation
Books
 i - a book of the Sky

   Spells                             Type                      Level
   a - Summon Lightning Spire         Summoning/Air                4
   b - Airstrike                      Air                          4
   c - Silence                        Hexes/Air                    5
   d - Deflect Missiles               Charms/Air                   6
   e - Conjure Ball Lightning         Conjuration/Air              6
   f - Tornado                        Air                          9
Miscellaneous
 d - a fan of gales
 e - a lamp of fire (inert)
 r - a phial of floods
 C - 9 phantom mirrors
 I - a box of beasts
 V - a disc of storms
Comestibles
 f - a meat ration
 J - 3 royal jellies
 Z - 54 chunks of flesh


   Skills:
 O Level 27 Fighting
 - Level 24.6(24.7) Axes
 - Level 5.0(18.7) Maces & Flails
 - Level 24.0 Armour
 - Level 17.0 Dodging
 - Level 13.7 Stealth
 - Level 20.9 Shields
 + Level 9.0 Spellcasting
 - Level 13.0 Conjurations
 - Level 10.3 Charms
 - Level 13.8 Summonings
 - Level 14.5 Translocations
 - Level 3.0 Fire Magic
 - Level 5.0 Air Magic
 - Level 5.5 Poison Magic
 - Level 17.0 Invocations
 - Level 26.3 Evocations


You had 16 spell levels left.
You knew the following spells:

 Your Spells              Type           Power        Failure   Level  Hunger
a - Blink                 Tloc           N/A          1%          2    None
b - Passage of Golubria   Tloc           N/A          1%          4    ###....
c - Song of Slaying       Chrm           ######..     1%          2    None
d - Lesser Beckoning      Tloc           ######....   1%          3    None
e - Repel Missiles        Chrm/Air       #####.       1%          2    None
f - Swiftness             Chrm/Air       #####...     1%          2    None
g - Summon Butterflies    Summ           ######..     1%          1    None
h - Mephitic Cloud        Conj/Pois/Air  #####...     2%          3    None
i - Conjure Flame         Conj/Fire      #####...     2%          3    None
j - Summon Forest         Summ/Tloc      ######....   1%          5    #####..
z - Infusion              Chrm           ####         1%          1    None


Dungeon Overview and Level Annotations

Branches:
Dungeon (15/15)            Temple (1/1) D:5            Lair (6/6) D:8
  Swamp (4/4) Lair:3        Snake (4/4) Lair:3        Slime (5/5) Lair:5
    Orc (2/2) D:11            Elf (3/3) Orc:2        Vaults (5/5) D:14
  Crypt (3/3) Vaults:2       Tomb (3/3) Crypt:3      Depths (5/5) D:15
    Zot (0/5) Depths:5

Altars:
Ashenzari
Cheibriados
Dithmenos
Elyvilon
Fedhas
Hepliaklqana
Kikubaaqudgha
Makhleb
Nemelex Xobeh
Okawaru
Qazlal
Ru
Sif Muna
Trog
Uskayaw
Vehumet
Xom
Yredelemnul
Zin
The Shining One
Beogh

Shops:
D:4 ?   D:7 [   D:8 [=   Orc:2 !?%*   Elf:3 (   Snake:2 ?   Vaults:3 !
Vaults:5 *   Depths:2 [   Depths:3 (

Portals:
Hell: Depths:1 Depths:2 Depths:3 Depths:4 Depths:5
Abyss: Depths:4
Pandemonium: Depths:1 Depths:3
Ziggurat: Depths:5

Annotations:
D:9 hairmachine's ghost, novice HOAK
Elf:3 1 exclusion
Depths:5 3 runed doors


Innate Abilities, Weirdness & Mutations

You are resistant to torment.
Your stone body is resilient. (AC +20)
You are immune to poison.
Your large and strong wings let you fly indefinitely.
You resist negative energy. (rN+)
You are resistant to electric shocks. (rElec)
You can survive without breathing.
You are immune to petrification.
You are immune to rotting.
You have a beak for a mouth.
You are agile. (Dex +2)
Scrolls take you a little longer to read.
You possess an exceptional clarity of mind.
You evolve.


Message History

You are engulfed in blessed fire.
A root smacks the daeva from below.
A root smacks the cherub from below.
Your butterfly is engulfed in blessed fire.
Your butterfly dies!
The ophan calls forth blessed flames!
The pearl dragon bites you but does no damage.
You block the pearl dragon's attack.
The cherub sings a powerful hymn!
The daeva goes into a battle-frenzy!
You slice the pearl dragon!!
You peck the pearl dragon, but do no damage.
The pearl dragon is severely wounded.
You hit the apis. You slash the pearl dragon!
You are engulfed in blessed fire.
Your magical infusion is running out.
The daeva is waved at by a branch.
A root lunges up near the cherub.
Something barely misses your dryad.
Something hits your dryad but does no damage.
The pearl dragon breathes holy energy at you.
The blast of cleansing flame engulfs you!
You die...

▓▓.§...§§A§.
▓§∩...A...Y♣♣ A....}
▓▓§§......AD♣♣♣♣......
▓▓.......YG.♣.A......
▓▓...AAYGD§DA..♣....
▓▓......G.A........
▓▓....♣DGDARb....▓
▓▓...A§GDY§..♣.▓
▓▓....DD@§...▓
▓▓▓▓▓▓▓▓▓▓▓▓▓


You could see an apis, 2 daevas, 4 pearl dragons, 2 ophanim, a cherub and a
friendly dryad.

Vanquished Creatures
  the Royal Jelly (Slime:5)
  Khufu (Crypt:3)
  5 pandemonium lords (Pan)
  Mara (Vaults:2)
  3 juggernauts
  5 ancient liches
  35 greater mummies
  Bai Suzhen (Vaults:5)
  Frederick (Vaults:5)
  Xtahua (Vaults:5)
  Vashnia (Snake:3)
  4 caustic shrikes
  Saint Roka (Depths:4)
  4 golden dragons
  25 bone dragons
  5 profane servitors
  Jory (Depths:4)
  The ghost of varam the Warrior, a veteran GrFi of Okawaru (Vaults:5)
  2 Tzitzimimeh (Pan)
  7 hellephants
  7 tentacled monstrosities
  Jorgrun (Vaults:4)
  2 Brimstone Fiends
  Rupert (Orc:2)
  A Hell Sentinel (Abyss:5)
  14 titans
  4 Ice Fiends (Pan)
  The ghost of p0werm0de the Fencer, an adept HECK of Xom (Vaults:5)
  4 deep elf blademasters
  24 liches
  A quicksilver dragon (shapeshifter) (Depths:1)
  Asterion (Vaults:3)
  12 deep elf master archers
  28 acid blobs
  9 Executioners
  Frances (Swamp:2)
  19 sphinxes
  4 thorn hunters
  5 ancient champions
  83 tentacled starspawn
  Kirke (Lair:5)
  3 daevas
  Roxanne (Snake:1)
  4 warmongers (Pan)
  13 shadow dragons
  11 nagarajas (Snake:4)
  6 storm dragons
  7 tengu reavers
  7 revenants
  8 azure jellies
  21 frost giants
  20 fire giants
  12 deep elf sorcerers
  10 cacodemons
  6 ghost moths
  An imperial myrmidon (Desolation)
  16 balrugs
  3 iron dragons
  2 orc warlords
  Aizul (Snake:1)
  A draconian scorcher (Abyss:4)
  An emperor scorpion (Zig:15)
  4 draconian annihilators
  2 draconian shifters
  18 vault wardens
  5 deep elf elementalists
  3 curse skulls
  3 angels
  2 spriggan defenders
  6 war gargoyles
  26 ironheart preservers
  A caustic shrike skeleton (Zig:13)
  11 reapers
  46 very ugly things
  9 ghouls
  9 blood saints (Pan)
  3 apis (Zig:5)
  7 black draconians
  2 draconian callers
  An ophan (Abyss:1)
  39 stone giants
  11 corrupters
  5 vampire knights
  8 bennus
  7 black suns (Pan)
  8 deep elf demonologists
  4 green draconians
  7 yellow draconians
  8 lorocyprocas
  Azrael (Snake:1)
  5 spark wasps
  4 white draconians
  A dire elephant (Zig:16)
  6 purple draconians
  2 mottled draconians
  15 deep elf annihilators
  2 halazid warlocks (Desolation)
  4 red draconians
  Snorg (D:14)
  19 fire dragons
  16 ettins
  4 deep elf death magi
  12 merfolk javelineers
  6 eidola
  14 green deaths
  6 crystal guardians
  10 death oozes
  6 ragged hierophants (Desolation)
  7 blizzard demons
  21 yaktaur captains
  38 mummy priests
  3 jiangshi
  A quicksilver dragon skeleton (Zig:13)
  9 deep elf high priests
  23 great orbs of eyes
  19 hydras
  11 ice dragons
  11 monstrous demonspawn (Pan)
  3 servants of whispers (Desolation)
  4 hell beasts (Pan)
  25 naga warriors
  36 vault guards
  16 rakshasas
  21 anacondas
  Erica (D:9)
  7 ghost crabs
  2 catoblepae
  8 peacekeepers (Desolation)
  3 spriggan air magi
  7 alligators
  9 death knights
  18 centaur warriors
  2 satyrs (Zig:14)
  A merfolk aquamancer (Zig:15)
  60 death scarabs
  9 tengu warriors
  20 ogre magi
  5 death yaks
  16 deep troll earth magi
  15 deep troll shamans
  4 titan zombies
  16 hell hogs
  35 dancing weapons
  5 vampire magi
  35 hell knights
  119 thrashing horrors
  35 deep elf knights
  22 sun demons
  A shock serpent (shapeshifter) (Elf:1)
  6 shock serpents
  3 spriggan berserkers
  2 titan skeletons
  3 orc high priests
  4 shadow wraiths
  24 naga sharpshooters
  A storm dragon zombie (Zig:13)
  24 soul eaters
  5 salamander mystics
  35 skeletal warriors
  80 wretched stars
  5 iron trolls
  23 sixfirhies
  A fire crab (shapeshifter) (Vaults:2)
  2 spriggan druids
  33 spatial maelstroms
  2 anaconda zombies
  4 infernal demonspawn (Pan)
  4 torturous demonspawn (Pan)
  A death drake (Abyss:2)
  8 unseen horrors
  2 golden dragon zombies
  An unseen horror (shapeshifter) (Abyss:4)
  15 glowing orange brains
  52 deep trolls
  14 flayed ghosts
  A swamp dragon (shapeshifter) (Vaults:3)
  18 deep elf archers
  5 gelid demonspawn (Pan)
  9 harpies
  18 shadow demons
  8 wizards
  3 shambling mangroves
  15 naga ritualists
  4 swamp dragons
  22 ironbrand convokers
  A shadow dragon zombie (Crypt:2)
  2 spectral hydras (Swamp:4)
  A sphinx zombie (Zig:13)
  A hill giant (shapeshifter) (Depths:4)
  2 lindwurms (shapeshifter)
  9 hill giants
  2 iron dragon zombies
  3 orb spiders
  2 wolf spider zombies
  4 anaconda skeletons
  An orange crystal statue (Abyss:2)
  103 deep elf magi
  7 wolf spiders
  12 mana vipers
  22 necromancers
  22 salamanders
  23 orc knights
  12 phantasmal warriors
  3 oklob plants (Zig:15)
  10 orc sorcerers
  3 frost giant zombies
  5 fire giant zombies
  51 ugly things
  2 fauns (Zig:14)
  A human zombie (Vaults:1)
  10 shining eyes
  7 cyclopes
  A shadow dragon skeleton (Abyss:5)
  8 manticores
  A manticore (shapeshifter) (Vaults:5)
  27 worldbinders
  2 elf zombies (Zig:13)
  2 stone giant zombies (Abyss:5)
  2 moths of wrath
  A frost giant skeleton (Tomb:2)
  An iron dragon skeleton (Crypt:1)
  A siren (Zig:15)
  20 apocalypse crabs
  4 rust devils
  3 stone giant skeletons
  2 elephants (Zig:16)
  57 black mambas
  6 eyes of devastation
  An elephant (shapeshifter) (Vaults:5)
  A shock serpent zombie (Abyss:2)
  3 fire giant skeletons
  A guardian serpent (shapeshifter) (Abyss:4)
  23 naga magi
  21 vault sentinels
  A black mamba (shapeshifter) (Abyss:2)
  A dire elephant skeleton (Crypt:3)
  103 smoke demons
  3 gargoyles
  Joseph (D:9)
  Psyche (D:9)
  An ice statue (IceCv)
  25 orange demons
  2 shock serpent skeletons
  2 torpor snails (Zig:16)
  11 hellions
  25 guardian serpents
  A storm dragon simulacrum (Abyss:4)
  11 komodo dragons
  4 swamp worm zombies (Swamp:4)
  3 rime drakes
  A spriggan skeleton (Zig:13)
  6 kobold demonologists
  16 efreet
  31 spiny frogs
  A yaktaur (shapeshifter) (D:15)
  5 ice devils
  10 tengu conjurers
  66 ancient zymes
  25 freezing wraiths
  24 tormentors
  A black draconian skeleton (Crypt:1)
  32 hellwings
  13 demonic crawlers
  55 yaktaurs
  3 hydra zombies (Swamp:4)
  A grey draconian skeleton (Crypt:1)
  50 guardian mummies
  A merfolk (D:12)
  A jumping spider (shapeshifter) (Vaults:1)
  A merfolk (shapeshifter) (Depths:3)
  A minotaur zombie (Crypt:2)
  2 two-headed ogres (shapeshifter)
  12 trolls
  3 meliai (shapeshifter)
  11 red devils
  3 silent spectres
  2 wind drakes (shapeshifter) (Depths:1)
  16 tyrant leeches
  19 hornets
  2 slime creatures (shapeshifter)
  A jumping spider (Zig:15)
  A snapping turtle (shapeshifter) (Depths:5)
  15 polar bears
  140 slime creatures
  2 tengu simulacra
  A fire dragon zombie (Crypt:3)
  Prince Ribbit (D:7)
  215 raiju
  4 alligator zombies
  A deep troll zombie (Zig:2)
  A hydra skeleton (Crypt:2)
  A stone giant simulacrum (Vaults:3)
  27 two-headed ogres
  53 saltlings (Desolation)
  34 blink frogs
  A guardian serpent zombie (Crypt:2)
  A fire giant simulacrum (Abyss:3)
  A dream sheep (shapeshifter) (Abyss:3)
  An ettin zombie (Abyss:5)
  13 bog bodies
  2 hippogriffs (shapeshifter)
  5 hippogriffs
  A raiju (shapeshifter) (Abyss:4)
  118 flying skulls
  6 air elementals
  A centaur simulacrum (D:15)
  A redback (Zig:15)
  18 ushabtiu
  A spriggan (shapeshifter) (Elf:3)
  An alligator skeleton (Abyss:2)
  8 shadows
  A dire elephant simulacrum (Crypt:2)
  A black mamba zombie (Crypt:3)
  15 water elementals
  22 wraiths
  68 ynoxinuls
  A black mamba skeleton (Abyss:4)
  48 yaks
  4 ettin skeletons
  4 fire bats
  8 spriggans
  A yak (shapeshifter) (Vaults:1)
  A fire bat (shapeshifter) (Abyss:5)
  7 fire elementals
  A hog (shapeshifter) (Depths:5)
  A fire dragon skeleton (Abyss:3)
  5 hungry ghosts
  71 chaos spawn
  3 vampires
  A wyvern (Lair:1)
  20 humans (D:14)
  3 hogs (Lair:5)
  2 basilisks
  An emperor scorpion simulacrum (Crypt:1)
  36 golden eyes
  29 vampire mosquitoes
  50 neqoxecs
  234 large abominations
  A steam dragon (D:13)
  A basilisk (shapeshifter) (Abyss:1)
  13 wargs
  An ogre zombie (Vaults:1)
  Menkaure (D:7)
  2 harpy simulacra
  2 elf simulacra (Zig:12)
  16 swamp worms
  66 spatial vortices
  2 soldier ants (D:14)
  A swamp worm (shapeshifter) (Vaults:1)
  3 mottled dragons
  A hell hound (shapeshifter) (Abyss:4)
  A hydra simulacrum (Abyss:5)
  20 insubstantial wisps
  A merfolk zombie (Abyss:3)
  A water nymph skeleton (Crypt:2)
  5 floating eyes (Depths:4)
  67 nagas
  A gelid demonspawn skeleton (Crypt:2)
  Duvessa (D:6)
  20 water moccasins
  22 hell hounds
  66 orc warriors
  A soldier ant (shapeshifter) (Abyss:3)
  10 porcupines
  8 sky beasts
  2 spiny frog skeletons
  A snapping turtle zombie (Crypt:2)
  7 swamp drakes
  A hornet zombie (D:9)
  6 ice beasts
  9 phantoms
  7 necrophages
  132 small abominations
  82 ogres
  5 swamp dragon zombies
  24 eyes of draining
  An ice dragon simulacrum (Abyss:5)
  2 black bears
  29 boggarts
  36 centaurs
  A swamp dragon skeleton (Tomb:2)
  21 wolves
  A big kobold (shapeshifter) (Abyss:4)
  15 crocodiles
  A rime drake skeleton (Crypt:1)
  29 bullfrogs
  3 big kobolds
  A draconian zombie (Crypt:2)
  7 earth elementals
  A water moccasin zombie (D:8)
  Blork the orc (D:6)
  An ogre simulacrum (Vaults:1)
  Dowan (D:6)
  3 wyvern skeletons
  3 scorpions (Elf:1)
  19 killer bees
  A troll zombie (Crypt:1)
  A manticore simulacrum (Abyss:5)
  A swamp dragon simulacrum (Abyss:3)
  A snapping turtle simulacrum (Tomb:1)
  15 wights
  11 electric eels
  A raiju skeleton (Crypt:2)
  4 howler monkeys
  16 crimson imps
  344 starcursed masses
  11 iron imps
  20 orc priests
  9 jellies
  Crazy Yiuf (D:6)
  5 centaur skeletons
  17 quasits
  10 hounds
  A bullfrog skeleton (D:9)
  5 iguanas
  26 orc wizards
  11 worker ants
  5 spectral swamp drakes (Swamp:4)
  A crocodile skeleton (Crypt:2)
  A big kobold skeleton (Crypt:1)
  A naga skeleton (Tomb:1)
  A hound zombie (D:11)
  A hound skeleton (D:7)
  66 mummies
  A worker ant zombie (D:11)
  19 adders
  17 gnolls
  A swamp drake zombie (Swamp:4)
  A howler monkey skeleton (D:6)
  6 shadow imps
  22 white imps
  13 ufetubi
  An ooze (D:3)
  3 adder zombies
  An adder skeleton (D:4)
  5 worms
  4 ball lightnings (Vaults:5)
  3 dart slugs
  3 leopard geckos
  98 orcs
  4 ball pythons
  7 giant cockroaches
  15 goblins
  15 hobgoblins
  A jackal (shapeshifter) (Abyss:4)
  10 jackals
  6 quokkas
  11 bats
  6 frilled lizards
  A goblin zombie (Crypt:1)
  30 kobolds
  A quokka skeleton (D:6)
  A rat (shapeshifter) (Abyss:4)
  12 rats
  6 briar patches
  3 crawling corpses (Elf:3)
  3 fire vortices (Pan)
  A fungus (Lair:6)
  6 lurking horrors
  11 plants
  88 starspawn tentacles
6272 creatures vanquished.

Vanquished Creatures (collateral kills)
  A pandemonium lord (Pan)
  A bone dragon (Abyss:2)
  A tentacled monstrosity (Zig:15)
  A warmonger (Pan)
  A blood saint (Pan)
  A dire elephant (Zig:16)
  A blizzard demon (Pan)
  A monstrous demonspawn (Pan)
  2 hydras
  A dancing weapon (Crypt:3)
  A satyr (Zig:14)
  A death scarab (Zig:7)
  A soul eater (Pan)
  2 sun demons (Pan)
  A spriggan druid (Zig:16)
  A gelid demonspawn (Pan)
  An oklob plant (Zig:15)
  A guardian serpent (Zig:15)
  A water nymph (Zig:15)
  A moth of wrath (Zig:15)
  A smoke demon (Pan)
  A ynoxinul (Pan)
  A chaos spawn (Pan)
  A starcursed mass (Abyss:2)
  A necrophage (Crypt:3)
  A centaur (Zig:14)
  An ogre (Zig:8)
  A starspawn tentacle (Abyss:5)
30 creatures vanquished.

Vanquished Creatures (others)
  A Brimstone Fiend (Pan)
  A revenant (Tomb:2)
  A vault warden (Vaults:5)
  A cacodemon (Pan)
  A frost giant (Vaults:5)
  A lorocyproca (Pan)
  A yaktaur captain (Vaults:1)
  A naga warrior (Abyss:4)
  A monstrous demonspawn (Pan)
  3 hydras (Zig:10)
  An alligator (Zig:10)
  A centaur warrior (Zig:14)
  An ogre mage (Vaults:2)
  19 death scarabs
  A hell hog (Abyss:5)
  2 deep elf knights (Elf:2)
  A hell knight (Vaults:5)
  A wretched star (Abyss:5)
  2 swamp dragons (Zig:10)
  An unseen horror (shapeshifter) (Depths:4)
  A necromancer (Depths:4)
  3 large abominations
  An ironbrand convoker (Vaults:1)
  A deep elf mage (Vaults:1)
  A komodo dragon (Lair:2)
  A guardian mummy (Tomb:2)
  A catoblepas skeleton (Tomb:2)
  3 blink frogs
  A slime creature (Zig:10)
  A hippogriff (Lair:2)
  2 ynoxinuls
  2 yaks (Lair:1)
  A shock serpent simulacrum (Abyss:4)
  2 golden eyes
  2 chaos spawn
  A neqoxec (Abyss:5)
  A naga (Snake:4)
  9 insubstantial wisps (Swamp:4)
  3 swamp drakes
  6 small abominations
  2 starcursed masses
  2 boggarts (Vaults:1)
  A quasit (Abyss:2)
  An iron imp (Abyss:4)
  2 mummies (Tomb:2)
  A white imp (Abyss:3)
  3 ball lightnings (Vaults:5)
  28 briar patches
  2 bushes (Abyss:5)
  6 demonic plants
  A fire vortex (Abyss:2)
  5 fungi
  17 lurking horrors
  47 plants
  122 starspawn tentacles
325 creatures vanquished.

Grand Total: 6627 creatures vanquished

Notes
Turn   | Place    | Note
-------+----------+-------------------------------------------
     0 | D:1      | varam the Gargoyle Fighter began the quest for the Orb.
     0 | D:1      | Reached XP level 1. HP: 14/14 MP: 1/1
    30 | D:1      | Reached skill level 2 in Axes
   107 | D:1      | Reached XP level 2. HP: 19/19 MP: 2/2
   394 | D:1      | Reached skill level 3 in Axes
   446 | D:1      | Reached XP level 3. HP: 23/23 MP: 3/3
  1320 | D:2      | Reached XP level 4. HP: 17/28 MP: 4/4
  1409 | D:2      | Reached skill level 4 in Axes
  1494 | D:2      | Found a shadowy altar of Dithmenos.
  1678 | D:2      | Reached XP level 5. HP: 29/32 MP: 5/5
  1810 | D:2      | Found a deep blue altar of Sif Muna.
  2366 | D:3      | Found a shattered altar of Ashenzari.
  2453 | D:3      | Reached skill level 5 in Axes
  3061 | D:4      | Reached XP level 6. HP: 30/37 MP: 6/6
  3226 | D:4      | Reached skill level 6 in Axes
  3495 | D:4      | Noticed a phantom
  3540 | D:4      | Killed a phantom
  3782 | D:4      | Reached XP level 7. HP: 40/41 MP: 7/7
  3903 | D:4      | Found Ohoess's Magic Scroll Shop.
  3909 | D:4      | Bought a scroll of blinking for 105 gold pieces
  3909 | D:4      | Bought a scroll of teleportation for 42 gold pieces
  3992 | D:4      | Reached skill level 7 in Axes
  4002 | D:4      | Gained mutation: You are partially covered in slimy green scales. (AC +2) [potion of mutation]
  4002 | D:4      | Gained mutation: You can translocate small distances at will. [potion of mutation]
  4002 | D:4      | Gained mutation: You are partially covered in rugged brown scales. (AC +1, +3% HP) [potion of mutation]
  4280 | D:5      | Entered Level 5 of the Dungeon
  4376 | D:5      | Found a staircase to the Ecumenical Temple.
  4391 | Temple   | Entered the Ecumenical Temple
  4654 | D:5      | Found an iron altar of Okawaru.
  4686 | D:5      | Became a worshipper of Warmaster Okawaru
  4753 | D:5      | HP: 1/42 [ogre/giant spiked club (21)]
  5138 | D:5      | Noticed a moth of wrath
  5141 | D:5      | Found a bloodstained altar of Trog.
  5211 | D:5      | Found a shimmering altar of Xom.
  5434 | D:5      | Reached skill level 8 in Axes
  5553 | D:6      | Reached XP level 8. HP: 42/47 MP: 8/8
  5601 | D:6      | Noticed Blork the orc
  5616 | D:6      | Killed Blork the orc
  5763 | D:6      | Reached skill level 4 in Shields
  5933 | D:6      | Reached skill level 4 in Armour
  5941 | D:6      | Found an ancient bone altar of Kikubaaqudgha.
  6086 | D:7      | Reached * piety under Okawaru
  6326 | D:6      | Noticed Duvessa
  6327 | D:6      | Noticed Dowan
  6435 | D:6      | Killed Duvessa
  6435 | D:6      | Reached skill level 5 in Armour
  6435 | D:6      | Reached skill level 5 in Shields
  6446 | D:6      | Reached skill level 9 in Axes
  6452 | D:6      | Killed Dowan
  6452 | D:6      | Reached XP level 9. HP: 47/52 MP: 9/9
  6511 | D:6      | Found a runed door.
  6515 | D:6      | Noticed Crazy Yiuf
  6526 | D:6      | Killed Crazy Yiuf
  6908 | D:7      | Found Qekhacopp's Armour Boutique.
  6956 | D:7      | Noticed Menkaure
  6967 | D:7      | Killed Menkaure
  6967 | D:7      | Reached ** piety under Okawaru
  6967 | D:7      | Reached skill level 6 in Armour
  6967 | D:7      | Reached skill level 6 in Shields
  7076 | D:7      | Noticed Prince Ribbit
  7117 | D:7      | Killed Prince Ribbit
  7124 | D:7      | Gained mutation: You have a pair of small horns on your head. [mutagenic meat]
  7126 | D:7      | Lost mutation: You can translocate small distances at will. [mutagenic meat]
  7127 | D:7      | Gained mutation: You are clumsy. (Dex -2) [mutagenic meat]
  7128 | D:7      | Gained mutation: You have sharp toenails. [mutagenic meat]
  7329 | D:7      | Gained mutation: Armour fits poorly on your strangely shaped body. [potion of mutation]
  7329 | D:7      | Gained mutation: You are somewhat resistant to further mutation. [potion of mutation]
  7677 | D:8      | Reached skill level 7 in Shields
  7696 | D:8      | Found a flagged portal.
  7726 | Bailey   | Entered a bailey
  8065 | Bailey   | Reached skill level 10 in Axes
  8283 | D:8      | Reached XP level 10. HP: 57/57 MP: 10/10
  8293 | D:8      | Found Nisuc's Jewellery Emporium.
  8309 | D:8      | Reached skill level 8 in Shields
  8449 | D:8      | Found Rolaebb's Armour Emporium.
  8562 | D:8      | Reached *** piety under Okawaru
  8733 | D:8      | Found a staircase to the Lair.
  9042 | D:9      | Reached skill level 9 in Shields
  9164 | D:9      | Noticed Joseph
  9188 | D:9      | Killed Joseph
  9188 | D:9      | Reached skill level 4 in Fighting
  9210 | D:9      | Reached skill level 11 in Axes
  9250 | D:9      | Reached **** piety under Okawaru
  9272 | D:9      | Noticed hairmachine's ghost (novice HOAK)
  9317 | D:10     | Entered Level 10 of the Dungeon
  9346 | D:10     | Learned a level 2 spell: Blink
  9902 | D:9      | Noticed Psyche
  9905 | D:9      | Noticed Erica
  9932 | D:9      | Killed Psyche
  9932 | D:9      | Reached skill level 5 in Fighting
  9932 | D:9      | Reached skill level 1 in Translocations
  9966 | D:9      | Killed Erica
  9966 | D:9      | Reached skill level 2 in Translocations
  9966 | D:9      | Reached XP level 11. HP: 55/65 MP: 11/11
 10114 | D:9      | Reached skill level 6 in Fighting
 10116 | D:9      | Reached ***** piety under Okawaru
 10128 | D:9      | HP: 2/65 [gargoyle/morningstar (7)]
 10312 | D:9      | Reached skill level 3 in Translocations
 10751 | D:8      | Bought an uncursed amulet of faith for 440 gold pieces
 10799 | Lair:1   | Entered Level 1 of the Lair of Beasts
 11064 | Lair:1   | Reached skill level 7 in Fighting
 11215 | Lair:1   | Received a gift from Okawaru
 11255 | Lair:1   | Reached skill level 4 in Translocations
 12069 | Lair:2   | Reached skill level 12 in Axes
 12327 | Lair:2   | Found an ancient bone altar of Kikubaaqudgha.
 12330 | Lair:2   | Noticed a five-headed hydra
 12983 | Lair:3   | Received a gift from Okawaru
 12996 | Lair:3   | Reached skill level 8 in Fighting
 13016 | Lair:3   | Found a staircase to the Snake Pit.
 13151 | Lair:3   | Reached skill level 5 in Translocations
 13369 | Lair:3   | Noticed a death yak
 13369 | Lair:3   | Noticed a death yak
 13379 | Lair:3   | Noticed a death yak
 13405 | Lair:3   | Noticed a death yak
 13417 | Lair:3   | Killed a death yak
 13417 | Lair:3   | Reached XP level 12. HP: 69/77 MP: 10/12
 13427 | Lair:3   | Killed a death yak
 13438 | Lair:3   | Killed a death yak
 13438 | Lair:3   | Reached ****** piety under Okawaru
 13438 | Lair:3   | Reached skill level 9 in Fighting
 13446 | Lair:3   | Killed a death yak
 13446 | Lair:3   | Received a gift from Okawaru
 13446 | Lair:3   | Reached skill level 6 in Translocations
 13447 | Lair:3   | Got a pair of distressingly furry boots {god gift}
 13458 | Lair:3   | Identified the +2 pair of boots "Jinuteyke" {MR++ Int-5 Dex+6} (Okawaru gifted it to you on level 3 of the Lair of Beasts)
 14291 | Lair:3   | Found a staircase to the Swamp.
 14670 | Lair:4   | Reached skill level 13 in Axes
 15089 | Lair:4   | Reached skill level 10 in Fighting
 15720 | Lair:5   | Found a dark tunnel.
 15760 | Lair:5   | Noticed Kirke
 15901 | Lair:5   | Killed Kirke
 15901 | Lair:5   | Reached skill level 14 in Axes
 16032 | Lair:5   | Found a staircase to the Slime Pits.
 16048 | Lair:5   | Reached XP level 13. HP: 67/84 MP: 13/13
 16471 | Lair:6   | Entered Level 6 of the Lair of Beasts
 16502 | Lair:6   | Received a gift from Okawaru
 16588 | Lair:6   | Found a frozen archway.
 16597 | IceCv    | Entered an ice cave
 16996 | IceCv    | Reached skill level 1 in Invocations
 17242 | IceCv    | Received a gift from Okawaru
 17382 | IceCv    | Reached skill level 2 in Invocations
 17610 | IceCv    | Reached skill level 3 in Invocations
 17774 | IceCv    | Reached skill level 15 in Axes
 17927 | IceCv    | Noticed a frost giant
 17993 | IceCv    | Killed a frost giant
 18715 | Lair:6   | Received a gift from Okawaru
 18719 | Lair:6   | Reached skill level 16 in Axes
 18803 | Lair:6   | Reached skill level 7 in Armour
 18949 | Lair:6   | Gained mutation: Your large and strong wings let you fly indefinitely. [Gargoyle growth]
 18949 | Lair:6   | Reached XP level 14. HP: 78/90 MP: 16/16
 18988 | Lair:6   | Reached skill level 10 in Shields
 19068 | Lair:6   | Received a gift from Okawaru
 19068 | Lair:6   | Reached skill level 8 in Armour
 19078 | Lair:6   | Reached skill level 11 in Shields
 19844 | Lair:6   | Identified the Guide on Scorching Weightlessness
 20291 | D:8      | Learned a level 4 spell: Passage of Golubria
 20293 | D:8      | Learned a level 1 spell: Infusion
 20552 | D:11     | Reached skill level 12 in Shields
 20988 | D:11     | Found a staircase to the Orcish Mines.
 21160 | D:12     | Reached skill level 9 in Armour
 21230 | D:12     | Got a smoking plate armour
 21281 | D:11     | Identified the +10 plate armour "Vyrchy" {rPois rN+ MR+ Int+6} (You found it on level 12 of the Dungeon)
 21611 | D:11     | Reached skill level 13 in Shields
 21666 | D:8      | Bought an uncursed ring of see invisible for 165 gold pieces
 21803 | Orc:1    | Entered Level 1 of the Orcish Mines
 22700 | Orc:2    | Entered Level 2 of the Orcish Mines
 22832 | Orc:2    | Received a gift from Okawaru
 22832 | Orc:2    | Reached skill level 10 in Armour
 23368 | Orc:2    | Reached skill level 14 in Shields
 23369 | Orc:2    | Found a staircase to the Elven Halls.
 23569 | Orc:2    | Found Ucziv's Magic Scroll Emporium.
 23569 | Orc:2    | Found Xifel's Distillery.
 23793 | Orc:2    | Found a roughly hewn altar of Beogh.
 23831 | Orc:2    | Noticed Rupert
 23866 | Orc:2    | Killed Rupert
 23870 | Orc:2    | Reached skill level 15 in Shields
 23896 | Orc:2    | Reached skill level 11 in Armour
 23896 | Orc:2    | Reached XP level 15. HP: 74/94 MP: 13/17
 24060 | Orc:2    | Found Kahougih's Assorted Antiques.
 24060 | Orc:2    | Found Gaidebiv's Food Boutique.
 24064 | Orc:2    | Bought a scroll labeled QIYQOSCHUNN for 35 gold pieces
 24065 | Orc:2    | Bought a murky cyan potion for 31 gold pieces
 24857 | D:13     | Found a portal to a secret trove of treasure.
 25579 | D:14     | Reached skill level 16 in Shields
 25612 | D:14     | Received a gift from Okawaru
 25679 | D:14     | Lost mutation: You are partially covered in slimy green scales. (AC +2) [mutagenic meat]
 25680 | D:14     | Gained mutation: You are robust. (+10% HP) [mutagenic meat]
 25765 | D:14     | Noticed Snorg
 25781 | D:14     | Killed Snorg
 25915 | D:14     | Reached skill level 12 in Armour
 26050 | D:14     | Found a gate to the Vaults.
 26186 | D:14     | Received a gift from Okawaru
 26358 | D:14     | Gained mutation: You are partially covered in iridescent scales. (AC +2) [mutagenic meat]
 26585 | D:14     | Reached skill level 17 in Shields
 26605 | D:14     | Received a gift from Okawaru
 26605 | D:14     | Reached skill level 13 in Armour
 26885 | D:14     | Got a bloodstained flail
 26886 | D:14     | Identified the +9 flail of Generosity {flame, rN+ MR+++ Dex-3 Stlth+} (You found it on level 14 of the Dungeon)
 26890 | D:14     | Got a spiked plate armour
 26901 | D:14     | Identified the cursed +1 plate armour of Kleptomania {*Corrode rN+++ Int-4 SInv} (You found it on level 14 of the Dungeon)
 26901 | D:14     | Lost intelligence.
 27104 | D:15     | Entered Level 15 of the Dungeon
 27566 | D:15     | Reached XP level 16. HP: 101/109 MP: 18/18
 27603 | D:15     | Found a staircase to the Depths.
 27721 | D:15     | Found a basalt altar of Yredelemnul.
 27924 | D:15     | Received a gift from Okawaru
 28455 | Snake:1  | Entered Level 1 of the Snake Pit
 28518 | Snake:1  | Reached skill level 14 in Armour
 28810 | Snake:1  | Noticed Roxanne
 28951 | Snake:1  | Killed Roxanne
 28952 | Snake:1  | Identified Roxanne's Collected Works on Transmutation (You took it off Roxanne on level 1 of the Snake Pit)
 29047 | Snake:1  | Noticed Aizul
 29075 | Snake:1  | Killed Aizul
 29125 | Snake:1  | Reached skill level 11 in Fighting
 29187 | Snake:1  | Received a gift from Okawaru
 29782 | Snake:1  | Noticed Azrael
 29797 | Snake:1  | Killed Azrael
 29918 | Snake:1  | Reached skill level 15 in Armour
 30003 | Snake:2  | Reached skill level 12 in Fighting
 30015 | Snake:2  | Gained mutation: You have razor-sharp toenails. [potion of mutation]
 30124 | Snake:2  | Lost mutation: You have a pair of small horns on your head. [mutagenic meat]
 30279 | Snake:2  | Received a gift from Okawaru
 30293 | Snake:2  | Reached XP level 17. HP: 97/122 MP: 3/19
 30299 | Snake:2  | Reached skill level 13 in Fighting
 30552 | Snake:2  | Found Okizes's Magic Scroll Shoppe.
 30555 | Snake:2  | Bought a scroll of identify for 34 gold pieces
 30555 | Snake:2  | Bought a scroll of identify for 34 gold pieces
 30555 | Snake:2  | Bought a scroll of identify for 34 gold pieces
 30825 | Snake:2  | Lost mutation: You have razor-sharp toenails. [mutagenic meat]
 31217 | Snake:3  | Received a gift from Okawaru
 31259 | Snake:3  | Reached skill level 14 in Fighting
 31433 | Snake:3  | Noticed Vashnia
 31895 | Snake:3  | Killed Vashnia
 32124 | Snake:3  | Reached skill level 15 in Fighting
 32189 | Snake:3  | Received a gift from Okawaru
 32298 | Snake:3  | Reached skill level 1 in Spellcasting
 32323 | Snake:3  | Reached skill level 2 in Spellcasting
 32438 | Snake:4  | Entered Level 4 of the Snake Pit
 32514 | Snake:4  | Received a gift from Okawaru
 32515 | Snake:4  | Reached skill level 3 in Spellcasting
 32531 | Snake:4  | Reached skill level 7 in Translocations
 32650 | Snake:4  | Reached skill level 4 in Spellcasting
 32942 | Snake:4  | Found a hide-covered altar of Uskayaw.
 33218 | Snake:4  | Reached skill level 8 in Translocations
 33254 | Snake:4  | Reached skill level 5 in Spellcasting
 33254 | Snake:4  | Reached XP level 18. HP: 128/134 MP: 25/25
 33304 | Snake:4  | Reached skill level 4 in Invocations
 33311 | Snake:4  | Received a gift from Okawaru
 34106 | Snake:4  | Reached skill level 5 in Invocations
 34117 | Snake:4  | Reached skill level 6 in Spellcasting
 34308 | Snake:4  | Reached skill level 9 in Translocations
 34406 | Snake:4  | Reached skill level 6 in Invocations
 34529 | Snake:4  | Received a gift from Okawaru
 34567 | Snake:4  | Reached skill level 7 in Spellcasting
 34784 | Snake:4  | Reached skill level 7 in Invocations
 34821 | Snake:4  | Received a gift from Okawaru
 34854 | Snake:4  | Gained mutation: You have razor-sharp toenails. [mutagenic meat]
 34925 | Snake:4  | Got a serpentine rune of Zot
 35217 | Swamp:1  | Entered Level 1 of the Swamp
 35550 | Swamp:1  | Reached skill level 1 in Charms
 35550 | Swamp:1  | Reached skill level 8 in Invocations
 36182 | Swamp:2  | Reached XP level 19. HP: 130/140 MP: 30/30
 36204 | Swamp:2  | Noticed Frances
 36231 | Swamp:2  | Killed Frances
 36231 | Swamp:2  | Received a gift from Okawaru
 37398 | Swamp:3  | Found a runed door.
 37398 | Swamp:3  | Noticed a tentacled monstrosity
 37435 | Swamp:3  | Killed a tentacled monstrosity
 37435 | Swamp:3  | Reached skill level 17 in Axes
 37691 | Swamp:4  | Entered Level 4 of the Swamp
 37766 | Swamp:4  | Received a gift from Okawaru
 37777 | Swamp:4  | Got a transparent broad axe {god gift}
 37778 | Swamp:4  | Identified the +1 broad axe of the Pits of Slime {freeze, rPois rN+ Str+4} (Okawaru gifted it to you on level 4 of the Swamp)
 38457 | Swamp:4  | Noticed a bone dragon
 38734 | Swamp:4  | Killed a bone dragon
 38817 | Swamp:4  | Got a decaying rune of Zot
 38845 | Swamp:4  | Got a crude leather armour
 38857 | Swamp:4  | Identified the +1 leather armour of Jiasob {-Tele rN+ Int+3 Dex+5} (You found it on level 4 of the Swamp)
 39231 | Vaults:1 | Entered Level 1 of the Vaults
 39394 | Vaults:1 | Received a gift from Okawaru
 39518 | Vaults:1 | Reached skill level 18 in Axes
 39527 | Vaults:1 | Reached skill level 2 in Charms
 39821 | Vaults:1 | Reached skill level 3 in Charms
 39961 | Vaults:1 | Received a gift from Okawaru
 40129 | Vaults:1 | Reached skill level 16 in Fighting
 40133 | Vaults:1 | Reached skill level 4 in Charms
 40407 | Vaults:1 | Reached XP level 20. HP: 113/148 MP: 31/31
 40576 | Vaults:1 | Reached skill level 5 in Charms
 41077 | Vaults:2 | Reached skill level 6 in Charms
 41514 | Vaults:2 | Received a gift from Okawaru
 41597 | Vaults:2 | Noticed Mara
 41621 | Vaults:2 | Noticed varam's illusion
 41628 | Vaults:2 | Killed Mara
 41637 | Vaults:2 | Reached skill level 17 in Fighting
 41706 | Vaults:2 | Reached skill level 7 in Charms
 41800 | Vaults:2 | Gained mutation: Your spells are a little harder to cast, but a little more powerful. [mutagenic meat]
 41804 | Vaults:2 | Gained mutation: You are partially covered in yellow scales. (AC +2) [mutagenic meat]
 41889 | Vaults:2 | Reached skill level 8 in Charms
 42386 | Vaults:2 | Received a gift from Okawaru
 42641 | Vaults:2 | Reached skill level 9 in Charms
 42661 | Vaults:2 | Got a heavily runed scale mail
 42672 | Vaults:2 | Identified the +5 scale mail "Suxotoib" {rElec Dex+2} (You found it on level 2 of the Vaults)
 42836 | Vaults:2 | Reached skill level 18 in Fighting
 42971 | Vaults:2 | Found a staircase to the Crypt.
 43153 | Vaults:3 | Reached XP level 21. HP: 159/159 MP: 32/32
 43459 | Vaults:3 | Reached skill level 10 in Charms
 43891 | Vaults:3 | Noticed Asterion
 43916 | Vaults:3 | Killed Asterion
 43916 | Vaults:3 | Received a gift from Okawaru
 44019 | Vaults:3 | Reached skill level 19 in Fighting
 44029 | Vaults:3 | Lost mutation: Your spells are a little harder to cast, but a little more powerful. [mutagenic meat]
 44038 | Vaults:3 | Gained mutation: You tend to lose your temper in combat. [mutagenic meat]
 44099 | Vaults:3 | Found Xomued's Distillery.
 44402 | Vaults:3 | Lost mutation: Armour fits poorly on your strangely shaped body. [mutagenic meat]
 45141 | Vaults:4 | Received a gift from Okawaru
 45307 | Vaults:4 | Reached skill level 20 in Fighting
 45785 | Vaults:4 | Noticed Jorgrun
 45803 | Vaults:4 | Killed Jorgrun
 45944 | Vaults:4 | Reached XP level 22. HP: 146/172 MP: 33/33
 46294 | Vaults:4 | Reached skill level 21 in Fighting
 46352 | Vaults:4 | Received a gift from Okawaru
 46364 | Vaults:4 | Got a transparent broad axe {god gift}
 46365 | Vaults:4 | Identified the +10 broad axe "Xaj Wiec" {drain, rElec rN+} (Okawaru gifted it to you on level 4 of the Vaults)
 46860 | Depths:1 | Entered Level 1 of the Depths
 46901 | D:15     | Gained mutation: You have a pair of small antennae on your head. [mutagenic meat]
 47004 | D:15     | Received a gift from Okawaru
 47596 | D:13     | You paid a toll of 17 scrolls of identify to enter a treasure trove
 47597 | Trove    | Entered a treasure trove
 47656 | Trove    | Identified Sif Muna's Papyrus of the Traveller
 47684 | Trove    | Got a slimy zirconium amulet
 47686 | Trove    | Got a serpentine bronze amulet
 47837 | Orc:2    | Bought a scroll of identify for 34 gold pieces
 47837 | Orc:2    | Bought a scroll of identify for 34 gold pieces
 47837 | Orc:2    | Identified the amulet "Xoopsyphi" {Regen+ Str+5 Int-5 Dex+5} (You found it in a treasure trove)
 47838 | Orc:2    | Identified the amulet of Pyromania {Reflect rElec SH+4 SInv} (You found it in a treasure trove)
 48098 | D:4      | Bought a scroll of identify for 28 gold pieces
 48098 | D:4      | Bought a scroll of teleportation for 42 gold pieces
 48467 | D:15     | Learned a level 3 spell: Lesser Beckoning
 48470 | D:15     | Learned a level 2 spell: Repel Missiles
 48473 | D:15     | Learned a level 2 spell: Swiftness
 48675 | Vaults:1 | Reached skill level 22 in Fighting
 49254 | D:15     | Learned a level 6 spell: Bolt of Fire
 49303 | D:15     | Reached skill level 1 in Fire Magic
 49494 | D:15     | Reached skill level 1 in Conjurations
 49703 | Depths:1 | Reached skill level 2 in Fire Magic
 49713 | Depths:1 | Received a gift from Okawaru
 49713 | Depths:1 | Reached skill level 2 in Conjurations
 49727 | Depths:1 | Found a one-way gate leading to the halls of Pandemonium.
 50024 | D:15     | Reached skill level 3 in Conjurations
 50024 | D:15     | Reached skill level 3 in Fire Magic
 50291 | D:15     | Reached skill level 10 in Translocations
 50775 | D:15     | Received a gift from Okawaru
 50790 | D:15     | Gained mutation: You are somewhat resistant to both further mutation and mutation removal. [mutagenic meat]
 50794 | D:15     | Lost mutation: You are somewhat resistant to both further mutation and mutation removal. [mutagenic meat]
 50817 | Depths:1 | Lost mutation: You are partially covered in iridescent scales. (AC +2) [mutagenic meat]
 50927 | Depths:1 | Found a gateway to Hell.
 51348 | Depths:1 | Lost mutation: You are clumsy. (Dex -2) [mutagenic meat]
 51351 | Depths:1 | Lost mutation: You have razor-sharp toenails. [mutagenic meat]
 51354 | Depths:1 | Gained mutation: Your spells are a little harder to cast, but a little more powerful. [mutagenic meat]
 51411 | Depths:1 | Paralysed by a Zot trap for 5 turns
 51739 | Depths:2 | Reached XP level 23. HP: 182/185 MP: 34/34
 51809 | Depths:2 | Reached skill level 1 in Air Magic
 51841 | Depths:2 | Reached skill level 8 in Spellcasting
 51870 | Depths:2 | Reached skill level 11 in Translocations
 52228 | Depths:2 | Reached skill level 2 in Air Magic
 52671 | D:15     | Learned a level 3 spell: Mephitic Cloud
 53033 | Slime:1  | Entered Level 1 of the Pits of Slime
 53040 | Slime:1  | Received a gift from Okawaru
 53297 | Lair:5   | Reached skill level 1 in Poison Magic
 53853 | Elf:1    | Entered Level 1 of the Elven Halls
 53957 | Elf:1    | Gained mutation: Armour fits poorly on your strangely shaped body. [potion of mutation]
 54217 | Elf:1    | Reached skill level 4 in Conjurations
 54348 | Elf:1    | Reached skill level 2 in Poison Magic
 54428 | Elf:1    | Reached skill level 3 in Air Magic
 55011 | Elf:2    | Received a gift from Okawaru
 55026 | Elf:2    | Reached skill level 9 in Spellcasting
 55099 | Elf:2    | Found a ruined gateway.
 55108 | Desolati | Entered the Desolation of Salt
 55124 | Desolati | Reached skill level 3 in Poison Magic
 55227 | Desolati | Reached skill level 23 in Fighting
 55263 | Desolati | Identified the Grimoire of Clay
 55396 | Desolati | Reached skill level 5 in Conjurations
 55432 | Desolati | Got a wavering tin amulet
 55434 | Desolati | Got a scorched ruby amulet
 55691 | Desolati | Received a gift from Okawaru
 55691 | Desolati | Reached skill level 4 in Air Magic
 55692 | Desolati | Reached skill level 4 in Poison Magic
 55820 | Desolati | Reached skill level 6 in Conjurations
 55857 | Desolati | Identified the Guide on Orientation and Attacks
 55869 | Desolati | Identified the Guide on Assistive Lightness
 55934 | Desolati | Reached skill level 12 in Translocations
 56143 | Elf:2    | Identified the amulet "Faofetz" {Regen+ Dex+3 Slay+3 Stlth+} (You found it in the Desolation of Salt)
 56144 | Elf:2    | Identified the amulet "Jeif" {Spirit MR+ Int+2} (You found it in the Desolation of Salt)
 56167 | Elf:2    | Reached XP level 24. HP: 193/193 MP: 36/36
 56232 | Elf:2    | Received a gift from Okawaru
 56232 | Elf:2    | Reached skill level 5 in Poison Magic
 56266 | Elf:2    | Reached skill level 7 in Conjurations
 56281 | Elf:2    | Reached skill level 5 in Air Magic
 56292 | Elf:2    | Got a warped broad axe {god gift}
 56293 | Elf:2    | Identified the +4 broad axe "Omanomm" {antimagic, rF+ SInv} (Okawaru gifted it to you on level 2 of the Elven Halls)
 57150 | Elf:2    | Reached skill level 1 in Evocations
 57322 | Elf:2    | Found a huge runed gate.
 57322 | Elf:2    | Found a huge runed gate.
 57322 | Elf:2    | Found a huge runed gate.
 57322 | Elf:2    | Found a huge runed gate.
 57322 | Elf:2    | Found a huge runed gate.
 57641 | Elf:2    | Received a gift from Okawaru
 57813 | Elf:2    | Reached skill level 8 in Conjurations
 57825 | Elf:2    | Reached skill level 2 in Evocations
 57977 | Elf:3    | Entered Level 3 of the Elven Halls
 58169 | Elf:3    | Received a gift from Okawaru
 58176 | Elf:3    | Reached skill level 3 in Evocations
 58362 | Elf:3    | Found Qobai's Antique Weapon Emporium.
 58580 | Elf:3    | Reached skill level 9 in Conjurations
 58588 | Elf:3    | Got a heavily runed amethyst amulet
 58647 | Elf:3    | Got a pitted granite ring
 59001 | Elf:3    | Reached skill level 4 in Evocations
 59005 | Elf:3    | Reached skill level 13 in Translocations
 59177 | Elf:3    | Got a crystal war axe {freeze}
 59181 | Elf:3    | Got an uncursed jewelled war axe {drain}
 59187 | Elf:3    | Identified the +12 war axe "Gienij" {freeze, +Inv rC+ Int+6 Dex-4} (You took it off a deep elf annihilator on level 3 of the Elven Halls)
 59267 | Elf:3    | Identified the +5 war axe "Dragonslayer" {drain, rPois SInv} (You took it off a deep elf high priest on level 3 of the Elven Halls)
 59286 | Elf:3    | Got a crystal battleaxe {holy}
 59299 | Elf:3    | Identified the +6 battleaxe of Fate {holy, Int+2 Dex+2 SInv} (You took it off a deep elf mage on level 3 of the Elven Halls)
 59323 | Elf:3    | Received a gift from Okawaru
 59393 | Elf:3    | Got a faintly glowing crystal amulet
 59405 | Elf:3    | Identified the amulet "Empycaen" {RegenMP rF+ rC+ MR- Stlth+} (You took it off a deep elf sorcerer on level 3 of the Elven Halls)
 59407 | Elf:3    | Identified the ring of Equivalence {AC+5 Int+2 Stlth+} (You took it off a deep elf demonologist on level 3 of the Elven Halls)
 59408 | Elf:3    | Identified the amulet "Zeresyar" {Spirit -Tele rF+ Str+4 Dex+3} (You took it off a deep elf master archer on level 3 of the Elven Halls)
 59448 | Elf:3    | Reached skill level 5 in Evocations
 59448 | Elf:3    | Reached XP level 25. HP: 181/201 MP: 10/36
 59487 | Elf:3    | Got a crystal spear {vamp}
 59498 | Elf:3    | Reached skill level 10 in Conjurations
 59578 | Elf:3    | Identified the cursed +1 spear of the Known World {vamp, rPois rF+++ rC- Str+2} (You took it off a deep elf sorcerer on level 3 of the Elven Halls)
 60615 | Depths:2 | Got a translucent ring mail
 60630 | Depths:2 | Identified the cursed +0 ring mail of Mieduquwn {rF+ Str+3} (You took it off a rakshasa on level 2 of the Depths)
 60780 | Depths:2 | Received a gift from Okawaru
 60783 | Depths:2 | Got faintly glowing fire dragon scales {god gift}
 60801 | Depths:2 | Found Mihi's Antique Armour Boutique.
 60925 | Depths:2 | Identified the +0 fire dragon scales of Uruwkaschu {+Inv rF++ rC- MR++ Int+4 Dex+4} (Okawaru gifted it to you on level 2 of the Depths)
 61094 | Depths:3 | Reached skill level 24 in Fighting
 61220 | Depths:3 | Reached skill level 6 in Evocations
 61222 | Depths:3 | Reached skill level 1 in Dodging
 61303 | Depths:3 | Noticed a juggernaut
 61304 | Depths:3 | Identified a +4 rod of shadows (13/13) (You took it off a deep elf death mage on level 3 of the Elven Halls)
 61306 | Depths:3 | Noticed a juggernaut
 61344 | Depths:3 | Killed a juggernaut
 61350 | Depths:3 | Killed a juggernaut
 61350 | Depths:3 | Reached skill level 2 in Dodging
 61889 | Depths:3 | Reached skill level 3 in Dodging
 61981 | Depths:3 | Found Bioc's Weapon Boutique.
 62131 | Depths:3 | Reached skill level 7 in Evocations
 62389 | Depths:4 | Found a one-way gate to the infinite horrors of the Abyss.
 62404 | Depths:4 | Lost mutation: Your spells are a little harder to cast, but a little more powerful. [mutagenic meat]
 62438 | Depths:4 | Paralysed by a floating eye for 3 turns
 62453 | Depths:4 | Noticed Jory
 62502 | Depths:4 | Killed Jory
 62502 | Depths:4 | Received a gift from Okawaru
 62509 | Depths:4 | Reached skill level 14 in Translocations
 62532 | Depths:4 | Got a warped war axe {god gift}
 62533 | Depths:4 | Identified the +2 war axe of the Rattle-Snake {drain, Int+3 Dex+3} (Okawaru gifted it to you on level 4 of the Depths)
 62563 | Depths:4 | Paralysed by a floating eye for 2 turns
 62648 | Depths:4 | Reached skill level 4 in Dodging
 62764 | Depths:4 | Found an iron altar of Okawaru.
 62909 | Depths:4 | Got a fine cloak
 62920 | Depths:4 | Identified the cursed +0 cloak of Ladders and Snakes {rCorr Int+6} (You found it on level 4 of the Depths)
 62954 | Depths:4 | Reached skill level 8 in Evocations
 63008 | Depths:4 | Noticed Saint Roka
 63068 | Depths:4 | Killed Saint Roka
 63075 | Depths:4 | Received a gift from Okawaru
 63076 | Depths:4 | Identified a +5 rod of clouds (9/9) (You took it off a deep elf elementalist on level 3 of the Elven Halls)
 63096 | Depths:4 | Reached skill level 5 in Dodging
 63110 | Depths:4 | Reached XP level 26. HP: 108/210 MP: 0/36
 63159 | Depths:4 | Got a crude lapis lazuli ring
 63163 | Depths:4 | Identified the ring of Litax {rCorr rPois SInv} (You took it off an orc warrior on level 4 of the Depths)
 63405 | Depths:4 | Got a wavering ivory ring
 63406 | Depths:4 | Identified the ring "Dibicotan" {rF+ rC+} (You found it on level 4 of the Depths)
 63634 | Depths:4 | Got a translucent tin ring
 63635 | Depths:4 | Identified the ring of Lucidity {SInv Stlth-} (You took it off a deep elf mage on level 4 of the Depths)
 63779 | Depths:4 | Reached skill level 9 in Evocations
 63786 | Depths:4 | Reached skill level 6 in Dodging
 63860 | Depths:4 | Found a bloodstained altar of Trog.
 63926 | Depths:4 | Got a twisted plate armour
 63937 | Depths:4 | Identified the cursed +1 plate armour of Mereaj {rPois Dex+4 Stlth+} (You found it on level 4 of the Depths)
 64180 | Depths:4 | Received a gift from Okawaru
 64230 | Depths:5 | Entered Level 5 of the Depths
 64233 | Depths:5 | Found a gateway to a ziggurat.
 64612 | Depths:5 | Reached skill level 7 in Dodging
 64759 | Depths:5 | Found a runed door.
 64759 | Depths:5 | Found a runed door.
 64775 | Depths:5 | Reached skill level 10 in Evocations
 64784 | Depths:5 | Found a runed door.
 64799 | Depths:5 | Reached skill level 25 in Fighting
 64800 | Depths:5 | Found a runed door.
 64929 | Depths:5 | Found a gate to the Realm of Zot.
 65168 | Depths:5 | Found a runed door.
 65175 | Depths:5 | Found a runed door.
 65184 | Depths:5 | Received a gift from Okawaru
 65480 | Depths:5 | Reached skill level 8 in Dodging
 66359 | D:15     | Reached skill level 9 in Dodging
 66385 | D:15     | Learned a level 2 spell: Song of Slaying
 66689 | D:14     | Reached XP level 27. HP: 218/218 MP: 36/36
 66877 | Vaults:5 | Entered Level 5 of the Vaults
 66886 | Vaults:5 | Received a gift from Okawaru
 66887 | Vaults:5 | Reached skill level 11 in Evocations
 66903 | Vaults:5 | Reached skill level 10 in Dodging
 67224 | Vaults:5 | Noticed varam's ghost (veteran GrFi)
 67259 | Vaults:5 | Killed varam's ghost
 67259 | Vaults:5 | Received a gift from Okawaru
 67265 | Vaults:5 | Got a steaming war axe {god gift}
 67270 | Vaults:5 | Identified the +1 war axe of Corruption {freeze, Str+8} (Okawaru gifted it to you on level 5 of the Vaults)
 67476 | Vaults:5 | Noticed p0werm0de's ghost (adept HECK)
 67513 | Vaults:5 | Killed p0werm0de's ghost
 67538 | Vaults:5 | Reached skill level 12 in Evocations
 67655 | Vaults:5 | Received a gift from Okawaru
 67658 | Vaults:5 | Got a dazzling broad axe {god gift}
 67662 | Vaults:5 | Identified the +3 broad axe "Sysoj" {pain, rElec} (Okawaru gifted it to you on level 5 of the Vaults)
 67679 | Vaults:5 | Found Misch's General Store.
 67692 | Vaults:5 | Noticed Frederick
 67717 | Vaults:5 | Killed Frederick
 67808 | Vaults:5 | Got a silver rune of Zot
 67958 | Vaults:5 | Reached skill level 11 in Dodging
 67967 | Vaults:5 | Received a gift from Okawaru
 67980 | Vaults:5 | Reached skill level 26 in Fighting
 68218 | Vaults:5 | Bought a scroll of enchant weapon for 90 gold pieces
 68310 | Vaults:5 | Noticed Bai Suzhen
 68335 | Vaults:5 | Killed Bai Suzhen
 68370 | Vaults:5 | Noticed an ancient lich
 68392 | Vaults:5 | Killed an ancient lich
 68786 | Vaults:5 | Got a pair of shimmering boots
 68798 | Vaults:5 | Identified the +1 pair of boots "Koideah" {rC+ Int+3} (You found it on level 5 of the Vaults)
 68867 | Vaults:5 | Noticed Xtahua
 68887 | Vaults:5 | Killed Xtahua
 68887 | Vaults:5 | Reached skill level 13 in Evocations
 69428 | Vaults:5 | Got a slimy morningstar {venom}
 69429 | Vaults:5 | Identified the cursed +2 morningstar "Edagin" {venom, Fragile Int+5} (You found it on level 5 of the Vaults)
 69445 | Vaults:5 | Got an ebony mace {flame}
 69446 | Vaults:5 | Identified the cursed +3 mace of the Shoals {flame, MR- Int-3 Dex+7 Stlth+} (You took it off a hell knight on level 5 of the Vaults)
 70176 | Temple   | Fell from the grace of Okawaru
 70176 | Temple   | Became a worshipper of Makhleb the Destroyer
 70487 | Slime:1  | Reached skill level 12 in Dodging
 70582 | Slime:1  | Reached * piety under Makhleb
 71523 | Slime:3  | Reached skill level 9 in Invocations
 71780 | Slime:4  | Reached ** piety under Makhleb
 72647 | Slime:5  | Entered Level 5 of the Pits of Slime
 72663 | Slime:4  | Reached *** piety under Makhleb
 72783 | Slime:5  | Reached skill level 10 in Invocations
 72847 | Slime:5  | Noticed the Royal Jelly
 72861 | Slime:5  | Killed the Royal Jelly
 72950 | Slime:5  | Identified Parompa's Compendium of Noxious Shape Shifting
 72976 | Slime:5  | Identified a scroll of acquirement
 72991 | Slime:5  | Identified the Disquisition on Doomed Execration
 72994 | Slime:5  | Got a vibrating golden ring
 72996 | Slime:5  | Identified the ring "Pyolaubu" {rElec rPois rC+ Str+2 Int+3} (You found it on level 5 of the Pits of Slime)
 73031 | Slime:5  | Got a slimy rune of Zot
 73050 | Slime:5  | Got topaz-encrusted steam dragon scales
 73061 | Slime:5  | Identified the +4 steam dragon scales "Nekaymu" {rElec rPois Regen+ Str+3} (You found it on level 5 of the Pits of Slime)
 73088 | Slime:5  | Got a ruby-encrusted chain mail
 73094 | Slime:5  | Identified the +7 chain mail "Cupot" {rF+ rC+ Str-4} (You found it on level 5 of the Pits of Slime)
 73274 | Slime:5  | Reached **** piety under Makhleb
 73279 | Slime:5  | Reached skill level 11 in Invocations
 73990 | Depths:2 | Reached skill level 13 in Dodging
 74067 | Depths:4 | Voluntarily entered the Abyss.
 74099 | Abyss:1  | Found a corrupted altar of Lugonu.
 74156 | Abyss:1  | Found a corrupted altar of Lugonu.
 74218 | Abyss:1  | Reached skill level 27 in Fighting
 74471 | Abyss:1  | Paralysed by accursed screaming for 2 turns
 74578 | Abyss:1  | Noticed an ancient lich
 74596 | Abyss:1  | Killed an ancient lich
 74670 | Abyss:1  | Reached ***** piety under Makhleb
 74716 | Abyss:1  | Reached skill level 12 in Invocations
 75334 | Abyss:2  | Reached skill level 13 in Invocations
 75431 | Abyss:2  | Reached skill level 14 in Dodging
 75480 | Abyss:2  | Reached ****** piety under Makhleb
 75827 | Abyss:2  | Paralysed by accursed screaming for 1 turns
 76023 | Abyss:3  | Found a corrupted altar of Lugonu.
 76042 | Abyss:3  | Found a corrupted altar of Lugonu.
 76086 | Abyss:3  | Gained mutation: Your body sometimes deteriorates upon taking damage. [a neqoxec]
 76089 | Abyss:3  | Reached skill level 14 in Invocations
 76404 | Abyss:3  | Paralysed by accursed screaming for 2 turns
 76504 | Abyss:3  | Lost mutation: You have a pair of small antennae on your head. [mutagenic meat]
 76580 | Abyss:3  | Paralysed by accursed screaming for 1 turns
 76677 | Abyss:3  | Lost mutation: You are partially covered in rugged brown scales. (AC +1, +3% HP) [mutagenic meat]
 76687 | Abyss:3  | Reached skill level 15 in Dodging
 76708 | Abyss:3  | Reached skill level 15 in Invocations
 76996 | Abyss:3  | Paralysed by accursed screaming for 1 turns
 77064 | Abyss:3  | Got an abyssal rune of Zot
 77167 | Abyss:4  | Found a corrupted altar of Lugonu.
 77347 | Abyss:4  | Reached skill level 16 in Invocations
 77431 | Abyss:4  | Reached skill level 19 in Axes
 77808 | Abyss:4  | Paralysed by you for 6 turns
 78023 | Abyss:5  | Entered Level 5 of the Abyss
 78145 | Abyss:5  | Reached skill level 17 in Invocations
 78258 | Abyss:5  | Reached skill level 16 in Armour
 78521 | Abyss:5  | Reached skill level 17 in Armour
 78837 | Abyss:5  | Reached skill level 18 in Armour
 79057 | Abyss:5  | Reached skill level 19 in Armour
 79341 | Depths:4 | Escaped the Abyss
 79516 | Depths:1 | Paralysed by a floating eye for 3 turns
 79788 | Crypt:1  | Entered Level 1 of the Crypt
 79894 | Crypt:1  | Reached skill level 20 in Armour
 80936 | Depths:4 | Voluntarily entered the Abyss.
 81096 | Abyss:1  | Paralysed by accursed screaming for 1 turns
 81110 | Abyss:1  | Got a twitching wooden ring
 81112 | Abyss:1  | Identified the ring "Tadghut" {rCorr rC- Str+3 Dex+4 Slay+3} (You found it on level 1 of the Abyss)
 81247 | Abyss:1  | Reached skill level 21 in Armour
 81379 | Abyss:2  | Was forgiven by Okawaru
 81497 | Abyss:2  | Lost mutation: Armour fits poorly on your strangely shaped body. [mutagenic meat]
 81620 | Abyss:2  | Got a faintly glowing broad axe {venom}
 81621 | Abyss:2  | Identified the +2 broad axe "Vaginnet" {venom, rElec} (You took it off a wight on level 2 of the Abyss)
 81932 | Abyss:2  | Reached skill level 22 in Armour
 83069 | Abyss:4  | Reached skill level 23 in Armour
 83579 | Abyss:4  | Paralysed by accursed screaming for 1 turns
 83610 | Abyss:4  | Paralysed by accursed screaming for 1 turns
 83816 | Abyss:4  | Reached skill level 24 in Armour
 83832 | Abyss:4  | Found a corrupted altar of Lugonu.
 83976 | Abyss:4  | Reached skill level 18 in Shields
 84310 | Abyss:4  | Found a corrupted altar of Lugonu.
 84578 | Abyss:4  | Paralysed by accursed screaming for 1 turns
 84584 | Abyss:4  | Paralysed by accursed screaming for 1 turns
 84695 | Abyss:4  | Reached skill level 16 in Dodging
 84702 | Abyss:4  | Reached skill level 19 in Shields
 84720 | Abyss:4  | Found a corrupted altar of Lugonu.
 85006 | Abyss:4  | Found a corrupted altar of Lugonu.
 85210 | Abyss:4  | Lost mutation: You are robust. (+10% HP) [a neqoxec]
 85474 | Abyss:5  | Entered Level 5 of the Abyss
 85729 | Abyss:5  | Reached skill level 20 in Shields
 85730 | Abyss:5  | Found a corrupted altar of Lugonu.
 85874 | Abyss:5  | Reached skill level 17 in Dodging
 86137 | Abyss:5  | Reached skill level 11 in Conjurations
 86223 | Abyss:5  | Reached skill level 12 in Conjurations
 86291 | Abyss:5  | Found a deep blue altar of Sif Muna.
 86310 | Abyss:5  | Reached skill level 13 in Conjurations
 86323 | Abyss:5  | Got a transparent sapphire amulet
 86329 | Abyss:5  | Identified the Incunabulum of Calling
 86332 | Abyss:5  | Learned a level 1 spell: Summon Butterflies
 86371 | Abyss:5  | Reached skill level 1 in Summonings
 86387 | Abyss:5  | Paralysed by accursed screaming for 2 turns
 86397 | Abyss:5  | Reached skill level 2 in Summonings
 86422 | Abyss:5  | Reached skill level 3 in Summonings
 86477 | Abyss:5  | Reached skill level 4 in Summonings
 86507 | Abyss:5  | Paralysed by accursed screaming for 2 turns
 86513 | Abyss:5  | Paralysed by accursed screaming for 2 turns
 86518 | Depths:4 | Escaped the Abyss
 86727 | Depths:4 | Voluntarily entered the Abyss.
 86733 | Abyss:1  | Reached skill level 5 in Summonings
 86771 | Abyss:1  | Got a fine bronze ring
 86773 | Abyss:1  | Identified the ring of Beauty {rC- rN+++ EV+2 Int-3 Dex+4} (You acquired it on level 1 of the Abyss)
 86775 | Abyss:1  | Identified the amulet of Wophann {RegenMP *Drain Int+7} (You found it on level 5 of the Abyss)
 86938 | Abyss:1  | Reached skill level 6 in Summonings
 87427 | Abyss:1  | Reached skill level 14 in Evocations
 88483 | Abyss:2  | Got a twisted chain mail
 88502 | Abyss:2  | Paralysed by you for 3 turns
 88535 | Abyss:2  | Reached skill level 15 in Evocations
 88990 | Abyss:3  | Noticed an ancient lich
 89001 | Abyss:3  | Killed an ancient lich
 89213 | Abyss:3  | Reached skill level 16 in Evocations
 89378 | Abyss:3  | Found a radiant altar of Vehumet.
 89804 | Abyss:3  | Found a corrupted altar of Lugonu.
 90021 | Abyss:4  | Reached skill level 17 in Evocations
 90185 | Abyss:4  | Gained mutation: You are dopey. (Int -2) [a neqoxec]
 90435 | Abyss:4  | Gained mutation: You are weak. (Str -2) [mutagenic meat]
 90608 | Abyss:4  | Paralysed by accursed screaming for 1 turns
 90613 | Abyss:4  | Reached skill level 18 in Evocations
 90689 | Abyss:4  | Gained mutation: You are occasionally teleported next to monsters. [a neqoxec]
 90890 | Abyss:4  | Found an iron altar of Okawaru.
 91012 | Abyss:4  | Reached skill level 19 in Evocations
 91059 | Abyss:4  | Lost mutation: You have sharp toenails. [mutagenic meat]
 91266 | Abyss:5  | Entered Level 5 of the Abyss
 91556 | Abyss:5  | Reached skill level 20 in Evocations
 91576 | Abyss:5  | Gained mutation: Your magical capacity is low. (-10% MP) [a neqoxec]
 91698 | Abyss:5  | Paralysed by accursed screaming for 1 turns
 91885 | Abyss:5  | Reached skill level 21 in Evocations
 91922 | Abyss:5  | Paralysed by accursed screaming for 1 turns
 92025 | Depths:4 | Escaped the Abyss
 92081 | Depths:5 | Lost mutation: You are somewhat resistant to further mutation. [potion of cure mutation]
 92081 | Depths:5 | Lost mutation: You are dopey. (Int -2) [potion of cure mutation]
 92081 | Depths:5 | Lost mutation: Your body sometimes deteriorates upon taking damage. [potion of cure mutation]
 92081 | Depths:5 | Lost mutation: Your magical capacity is low. (-10% MP) [potion of cure mutation]
 92081 | Depths:5 | Lost mutation: You tend to lose your temper in combat. [potion of cure mutation]
 92211 | D:15     | Lost mutation: You are weak. (Str -2) [potion of cure mutation]
 92211 | D:15     | Lost mutation: You are occasionally teleported next to monsters. [potion of cure mutation]
 92211 | D:15     | Lost mutation: You are partially covered in yellow scales. (AC +2) [potion of cure mutation]
 92228 | D:15     | Identified the +7 chain mail "Zaecaliu" {rCorr} (You found it on level 2 of the Abyss)
 92262 | D:15     | Got a crude battleaxe
 92268 | D:15     | Identified the +3 battleaxe "Uxujir Piuko" {freeze, rElec} (You acquired it on level 15 of the Dungeon)
 92331 | D:15     | Gained mutation: You evolve. [mutagenic meat]
 92918 | Crypt:2  | Got a scorched scale mail
 92919 | Crypt:2  | Identified the +2 scale mail of Vanity {*Slow +Blink Int+4} (You found it on level 2 of the Crypt)
 93094 | Crypt:2  | Got a dazzling morningstar
 93095 | Crypt:2  | Identified the cursed +2 morningstar of Ebruuhos {vamp, rElec rPois Str-3 Dex+3} (You found it on level 2 of the Crypt)
 93225 | Crypt:3  | Entered Level 3 of the Crypt
 93290 | Crypt:3  | Reached skill level 22 in Evocations
 93352 | Crypt:3  | Found a staircase to the Tomb.
 93401 | Crypt:3  | Noticed a greater mummy
 93403 | Crypt:3  | Noticed Khufu
 93424 | Crypt:3  | Killed Khufu
 93499 | Crypt:3  | Killed a greater mummy
 94039 | Crypt:3  | Found an ancient bone altar of Kikubaaqudgha.
 94171 | Tomb:1   | Entered Level 1 of the Tomb of the Ancients
 94185 | Tomb:1   | Reached skill level 23 in Evocations
 94360 | Tomb:1   | Noticed a greater mummy
 94382 | Tomb:1   | Killed a greater mummy
 94963 | Tomb:1   | Noticed a greater mummy
 94969 | Tomb:1   | Killed a greater mummy
 95286 | Tomb:2   | Noticed an ancient lich
 95289 | Tomb:2   | Noticed a greater mummy
 95291 | Tomb:2   | Noticed a greater mummy
 95291 | Tomb:2   | Noticed a greater mummy
 95292 | Tomb:2   | Reached skill level 24 in Evocations
 95293 | Tomb:2   | Noticed a greater mummy
 95298 | Tomb:2   | Killed an ancient lich
 95423 | Tomb:1   | Killed a greater mummy
 95429 | Tomb:1   | Killed a greater mummy
 95431 | Tomb:1   | Killed a greater mummy
 95583 | Tomb:1   | Killed a greater mummy
 96004 | Tomb:1   | Noticed a greater mummy
 96030 | Tomb:1   | Noticed a greater mummy
 96041 | Tomb:1   | Killed a greater mummy
 96042 | Tomb:1   | Noticed a greater mummy
 96052 | Tomb:1   | Killed a greater mummy
 96059 | Tomb:1   | Killed a greater mummy
 96059 | Tomb:1   | Reached skill level 25 in Evocations
 96176 | Tomb:1   | Noticed a greater mummy
 96194 | Tomb:1   | Noticed a greater mummy
 96196 | Tomb:1   | Killed a greater mummy
 96209 | Tomb:1   | Killed a greater mummy
 96310 | Tomb:1   | Noticed a greater mummy
 96311 | Tomb:1   | Noticed a greater mummy
 96320 | Tomb:1   | Killed a greater mummy
 96333 | Tomb:1   | Killed a greater mummy
 96466 | Tomb:1   | Noticed a greater mummy
 96486 | Tomb:1   | Killed a greater mummy
 96571 | Tomb:1   | Noticed a greater mummy
 96572 | Tomb:1   | Noticed a greater mummy
 96651 | Tomb:1   | Killed a greater mummy
 96653 | Tomb:1   | Killed a greater mummy
 96773 | Tomb:1   | Noticed a greater mummy
 96795 | Tomb:1   | Killed a greater mummy
 96800 | Tomb:1   | Noticed a greater mummy
 96815 | Tomb:1   | Noticed a greater mummy
 96827 | Tomb:1   | Killed a greater mummy
 96841 | Tomb:1   | Killed a greater mummy
 96944 | Tomb:1   | Noticed a greater mummy
 96969 | Tomb:1   | Killed a greater mummy
 96974 | Tomb:1   | Noticed a greater mummy
 96986 | Tomb:1   | Killed a greater mummy
 97019 | Tomb:1   | Noticed a greater mummy
 97021 | Tomb:1   | Noticed a greater mummy
 97022 | Tomb:1   | Noticed a greater mummy
 97159 | Tomb:2   | Killed a greater mummy
 97159 | Tomb:2   | Reached skill level 26 in Evocations
 97274 | Tomb:2   | Killed a greater mummy
 97328 | Tomb:1   | Killed a greater mummy
 97481 | Tomb:1   | Noticed a greater mummy
 97495 | Tomb:1   | Killed a greater mummy
 97918 | Tomb:3   | Entered Level 3 of the Tomb of the Ancients
 97971 | Tomb:3   | Noticed a greater mummy
 97972 | Tomb:3   | Noticed a greater mummy
 97974 | Tomb:3   | Noticed a greater mummy
 97975 | Tomb:3   | Noticed a greater mummy
 98106 | Tomb:3   | Noticed a greater mummy
 98108 | Tomb:2   | Reached skill level 20 in Axes
 98153 | Tomb:2   | Killed a greater mummy
 98385 | Tomb:3   | Noticed an ancient lich
 98658 | Tomb:3   | Noticed a greater mummy
 98671 | Tomb:2   | Killed a greater mummy
 98675 | Tomb:2   | Killed a greater mummy
 98786 | Tomb:2   | Killed an ancient lich
 98999 | Tomb:3   | Killed a greater mummy
 99004 | Tomb:3   | Killed a greater mummy
 99004 | Tomb:3   | Reached skill level 21 in Axes
 99009 | Tomb:3   | Killed a greater mummy
 99020 | Tomb:3   | Noticed a greater mummy
 99283 | Tomb:3   | Killed a greater mummy
 99321 | Tomb:3   | Noticed a greater mummy
 99344 | Tomb:3   | Killed a greater mummy
 99471 | Tomb:3   | Got a golden rune of Zot
 99635 | Tomb:3   | Got a spiked cloak
 99646 | Tomb:3   | Identified the +2 cloak of the Lizard {+Inv} (You found it on level 3 of the Tomb of the Ancients)
 99841 | Tomb:3   | Identified Kemnuxt's Tome of Enhancements and Arcane Weapons
 99842 | Tomb:3   | Identified the Volume of Ghastly Envenoming
 99858 | Tomb:3   | Got a flickering amber ring
 99859 | Tomb:3   | Identified the ring of Summertime {Dex+4 Stlth+} (You found it on level 3 of the Tomb of the Ancients)
 99882 | Tomb:3   | Got an ancient steel ring
 99883 | Tomb:3   | Identified the ring "Bigivaech" {rN+ Str+6} (You found it on level 3 of the Tomb of the Ancients)
 99917 | Tomb:3   | Got a faintly glowing plate armour
 99918 | Tomb:3   | Identified the +9 plate armour of Failure {rCorr MP+9} (You found it on level 3 of the Tomb of the Ancients)
102099 | Pan      | Entered Pandemonium
102130 | Pan      | Noticed Etuemima the pandemonium lord
102204 | Pan      | Killed Etuemima the pandemonium lord
102291 | Pan      | Reached skill level 22 in Axes
102345 | Pan      | Found an exit through the horrors of the Abyss.
103126 | Pan      | Found an exit through the horrors of the Abyss.
103493 | Pan      | Noticed Issic the pandemonium lord
103524 | Pan      | Killed Issic the pandemonium lord
103685 | Pan      | Reached skill level 23 in Axes
103813 | Pan      | Found an exit through the horrors of the Abyss.
104047 | Pan      | Noticed Untuyqul the pandemonium lord
104273 | Pan      | Killed Untuyqul the pandemonium lord
104522 | Pan      | Found a runed door.
104545 | Pan      | Got a demonic rune of Zot
104845 | Pan      | Reached skill level 1 in Stealth
104898 | Pan      | Reached skill level 2 in Stealth
104921 | Pan      | Noticed Foakeder the pandemonium lord
104935 | Pan      | Reached skill level 3 in Stealth
104967 | Pan      | Killed Foakeder the pandemonium lord
104967 | Pan      | Reached skill level 4 in Stealth
105077 | Pan      | Reached skill level 24 in Axes
105077 | Pan      | Reached skill level 5 in Stealth
105320 | Pan      | Found an exit through the horrors of the Abyss.
105695 | Pan      | Reached skill level 6 in Stealth
105763 | Pan      | Found an exit through the horrors of the Abyss.
105803 | Pan      | Reached skill level 7 in Stealth
105907 | Pan      | Noticed Wabanelo the pandemonium lord
105928 | Pan      | Killed Wabanelo the pandemonium lord
105928 | Pan      | Reached skill level 8 in Stealth
105944 | Pan      | Reached skill level 9 in Stealth
105957 | Pan      | Got a heavily runed chain mail
105975 | Pan      | Identified the +3 chain mail of Lethargy {rCorr Str+4 Stlth+} (You took it off a monstrous demonspawn in Pandemonium)
106666 | Pan      | Gained mutation: You are agile. (Dex +2) [evolution]
106784 | Pan      | Reached skill level 10 in Stealth
106961 | Pan      | Reached skill level 11 in Stealth
107136 | Pan      | Found an exit through the horrors of the Abyss.
107445 | Pan      | Reached skill level 12 in Stealth
107517 | Pan      | Noticed Fury the pandemonium lord
107524 | Pan      | HP: 6/199 [Fury the pandemonium lord/great blast of fire (25)]
107784 | Pan      | Killed Fury the pandemonium lord
107860 | Zig:1    | Entered Level 1 of a ziggurat
107890 | Zig:2    | Entered Level 2 of a ziggurat
107933 | Zig:3    | Entered Level 3 of a ziggurat
107982 | Zig:4    | Entered Level 4 of a ziggurat
108004 | Zig:4    | Gained mutation: You possess an exceptional clarity of mind. [potion of mutation]
108031 | Zig:5    | Entered Level 5 of a ziggurat
108115 | Zig:6    | Entered Level 6 of a ziggurat
108144 | Zig:6    | Reached skill level 13 in Stealth
108162 | Zig:6    | Identified Ytzy Ada's Handbook of Flamy Battle Magic
108170 | Zig:6    | Learned a level 3 spell: Conjure Flame
108188 | Zig:7    | Entered Level 7 of a ziggurat
108258 | Zig:7    | Reached skill level 5 in Maces & Flails
108267 | Zig:7    | Learned a level 5 spell: Summon Forest
108288 | Zig:8    | Entered Level 8 of a ziggurat
108297 | Zig:8    | Noticed a juggernaut
108311 | Zig:8    | Reached skill level 7 in Summonings
108315 | Zig:8    | Killed a juggernaut
108382 | Zig:9    | Entered Level 9 of a ziggurat
108395 | Zig:9    | Reached skill level 8 in Summonings
108413 | Zig:9    | Reached skill level 9 in Summonings
108437 | Zig:9    | Identified the Tome of Contamination and Weightlessness
108479 | Zig:10   | Entered Level 10 of a ziggurat
108554 | Zig:10   | Gained mutation: You have a beak for a mouth. [potion of beneficial mutation]
108588 | Zig:10   | Got a faintly glowing pewter ring
108589 | Zig:10   | Identified the ring "Hoinuot" {+Fly Dex+4} (You found it on level 10 of a ziggurat)
108641 | Zig:11   | Entered Level 11 of a ziggurat
108668 | Zig:11   | Reached skill level 10 in Summonings
108714 | Zig:11   | Identified the ring of the Raven {-Tele rPois rC+ MP+9 SInv} (You found it on level 11 of a ziggurat)
108724 | Zig:11   | Identified the +10 war axe "Faothum" {chop, Dex+4} (You found it on level 11 of a ziggurat)
108923 | Zig:12   | Entered Level 12 of a ziggurat
108952 | Zig:12   | Noticed a greater mummy
108963 | Zig:12   | Killed a greater mummy
108972 | Zig:12   | Reached skill level 11 in Summonings
109112 | Zig:13   | Entered Level 13 of a ziggurat
109224 | Zig:13   | Identified a +2 rod of inaccuracy (9/9) (You found it on level 13 of a ziggurat)
109225 | Zig:13   | Identified a +6 rod of clouds (12/12) (You found it on level 13 of a ziggurat)
109235 | Zig:13   | Identified Reil Ugo's Papyrus of the Torrid Mountains
109240 | Zig:13   | Identified the Catalogue of Unstable Enhancements
109251 | Zig:13   | Got a fine war axe
109252 | Zig:13   | Identified the +9 war axe of Iliblinusch {elec, +Inv rC+} (You found it on level 13 of a ziggurat)
109256 | Zig:14   | Entered Level 14 of a ziggurat
109275 | Zig:14   | Reached skill level 12 in Summonings
109560 | Zig:15   | Entered Level 15 of a ziggurat
109576 | Zig:15   | Reached skill level 13 in Summonings
109787 | Zig:15   | Gained mutation: Scrolls take you a little longer to read. [mutagenic meat]
109825 | Zig:16   | Entered Level 16 of a ziggurat
109951 | Zig:16   | Identified Oteg's Collected Works on the Birds and Hexes
109972 | Zig:16   | Identified the amulet "Faadazuof" {Reflect rF+ Int+5 SH+4} (You found it on level 16 of a ziggurat)
109980 | Zig:16   | Identified the amulet of Tatseng {Faith Dex+3} (You found it on level 16 of a ziggurat)
109986 | Zig:16   | Identified the +9 hand crossbow of Ofulicw {venom, +Blink rC+++ Str-2 Stlth+} (You found it on level 16 of a ziggurat)
110000 | Zig:17   | Entered Level 17 of a ziggurat
110032 | Zig:17   | Killed from afar by a pearl dragon

Vault maps used:
D:1:      dpeg_arrival_refuge, minmay_misc_feat_doors, minmay_heptomino_w4
D:2:      led_sif_pool, nicolae_dithmenos_shadow_blocks
D:3:      corexii_shack_village, lemuel_crystal_altar
D:4:      serial_shops, shop_scrolls
D:5:      cheibrodos_iron_armory, okawaru_metal_pillars_1_2, tgw_trog,
          xom_butterflies, portal_sewer_entry_a, first_bread,
          grunt_decor_fettered, minmay_misc_feat_tiny
D:6:      kiku_gazebo_pond_becter, uniq_duvessa, uniq_blork_the_orc,
          uniq_crazy_yiuf_cottage
D:7:      nicolae_overflow_hidden_temple, serial_shops, shop,
          uniq_prince_ribbit1, uniq_menkaure
D:8:      david_lair_shrubbed, enter_bailey_3, serial_shops, shop_statue,
          nicolae_shop_stone
D:9:      hangedman_cross_stitches, serial_glass, glass_columns_c,
          glass_columns_c, uniq_joseph, uniq_psyche, uniq_erica
D:11:     orc_0_dummy
D:12:     hangedman_fish_farm
D:13:     nicolae_trove_entry_columns
D:14:     kennysheep_water_balloons, grunt_vaults_entry_tiered, nicolae_sextant,
          uniq_snorg
D:15:     grunt_enter_depths_magical_seal, minivault_19, basic_altar
Temple:   minmay_temple_curvy_branch
Lair:1:   guppyfry_lair_drakes, grunt_megastairs_3, infiniplex_staircase_pool
Lair:2:   basic_altar, nicolae_quartered_pool_little
Lair:3:   swamp_mist_pool, minmay_snake_entry_six_corridors
Lair:5:   minmay_slime_entry_pillars, enter_volcano_4, serial_bayou_shore_a,
          uniq_kirke
Lair:6:   minmay_lair_end_frog_pond, portal_ice_cave_entry_pillars_1
Swamp:1:  nicolae_swamp_dense_foliage
Swamp:2:  infiniplex_staircase_pool_2, uniq_frances
Swamp:3:  cheibrodos_swamp_sealed, evilmike_swamp_ruin_wall
Swamp:4:  swamp_pestilence, swamp_pool1, statue_in_the_mist_lemuel,
          nicolae_swamp_trees_clearing
Snake:1:  cheibrodos_snake_lava_hold, uniq_roxanne, uniq_azrael, uniq_aizul
Snake:2:  serial_shops, nicolae_shop_behind_doors
Snake:3:  basic_loot_grate_trap, nicolae_snake_round_shape_thing, uniq_vashnia
Snake:4:  grunt_snake_rune_serpentine_throne, basic_altar
Slime:1:  nicolae_slime_phagocytosis
Slime:2:  cheibrodos_slime_lost_civilization_4
Orc:1:    nicolae_orc_accident_1
Orc:2:    st_orc_town, uniq_rupert
Elf:1:    eino_elf_arrival_customs, hangedman_elf_disciples,
          einodemon_barbed_minivault
Elf:2:    special_room, portal_desolation_entry_ruin
Elf:3:    minmay_elf_hall_furrowed, serial_shops, nicolae_shop_waterfront,
          guppyfry_elf_garden
Vaults:1: v_misc_16, ontoclasm_vaults_fault, nicolae_vaults_shelves_hall,
          hangedman_vaults_stretched_pinwheel, grunt_vaults_funnel,
          hangedman_vaults_variations, ontoclasm_vaults_idyll,
          vaults_mumra_chevron_long, v_misc_24, vaults_room_hangedman_quadrants,
          nicolae_vaults_asterisk, nicolae_vaults_three_branches,
          nicolae_vaults_shelves_hall, vaults_room_grunt_arrival_ludios
Vaults:2: v_pattern_3, v_misc_17, minmay_crypt_entry_simple_statues,
          nicolae_vaults_little_ls, v_misc_30, vaults_room_fancy_cross,
          serial_ice_h, ontoclasm_vaults_ring_large,
          nicolae_vaults_shelves_hall, hangedman_vaults_stream,
          nicolae_vaults_rhombus_5, nicolae_vaults_alarming, v_misc_1, v_misc_4,
          st_smaller_cells, ontoclasm_vaults_idyll, uniq_mara
Vaults:3: v_rooms_2, v_misc_19, st_octagons_2, hangedman_vaults_capsules,
          v_misc_5, vaults_room_door_ring, vaults_room_pools,
          hangedman_vaults_slice, serial_shops, shop, uniq_asterion
Vaults:4: nicolae_vaults_puzzle_piece, vaults_dpeg_cross,
          dpeg_vaults_monster_box, grunt_vaults_hallway_long,
          ontoclasm_vaults_decontamination, vaults_mumra_minichess_inversion,
          vaults_standard_mumra_x, v_misc_33, nicolae_vaults_theta,
          hangedman_vaults_pinch, vaults_room_pools, uniq_jorgrun
Vaults:5: uniq_xtahua, uniq_frederick, uniq_bai_suzhen
Crypt:3:  cryptofortress_bobbens, uniq_khufu
Depths:1: pan_entry, nicolae_wwwww, hell_entry, serial_bayou_lake_a,
          serial_bayou_shore_b
Depths:2: minmay_box_of_statues, hell_entry, minmay_stone_trees_small,
          serial_shops, shop, infiniplex_staircase_split_hallway
Depths:3: minmay_guarded_unrand_guard, serial_shops, kennysheep_little_box,
          hellmouth_1, pan_entry, serial_glass, glass_columns_b,
          glass_columns_c, glass_columns_c, glass_columns_b
Depths:4: hangedman_spin_cycle, hell_entry, abyss_entry, uniq_jory
Depths:5: evilmike_zot_entry_castle, enter_ziggurat_f, serial_sigils,
          serial_sigils_hangedman_gut, serial_sigils_hangedman_writhe,
          serial_sigils_hangedman_quiver, lightli_too_deep, kennysheep_doodads,
          serial_bayou_pond_d, uniq_saint_roka
Abyss:1:  evilmike_abyss_exit_2, evilmike_abyss_exit_16, bh_abyss_exit_choice,
          minivault_1, evilmike_abyss_exit_11
Abyss:2:  evilmike_abyss_exit_6, minivault_24
Abyss:3:  evilmike_abyss_exit_11, evilmike_abyss_exit_smiterflies,
          bh_abyss_exit_spiral
Abyss:4:  minivault_22, minivault_5, hangedman_stitches_earthworm,
          hangedman_abyss_exit_choices, evilmike_abyss_exit_5,
          hangedman_cross_veins
Abyss:5:  abyss_exit_lava, evilmike_abyss_exit_plants, evilmike_abyss_exit_15,
          evilmike_abyss_exit_13, evilmike_abyss_exit_glass, minivault_19,
          minivault_26
Pan:      nicolae_pan_hourglass, grunt_pan_sceptre,
          regret_index_pan_draining_boxed, pan_blood_fountain_small,
          nicolae_pan_double_arrow, evilmike_mini_pan_pillars_b,
          grunt_pan_in_and_out, nicolae_pan_lom_lobonic_4,
          reaverb_pan_figure_eight
Zig:3:    ziggurat_pillar_centre_c
Zig:15:   ziggurat_pillar_centre_oklobs
Zig:17:   ziggurat_pillar_centre_dead_trees
Trove:    trove_garden
Bailey:   bailey_axe_2, bailey
IceCv:    ice_cave_small_giant

Skill      XL: |  1  2  3  4  5  6  7  8  9 10 11 12 13 14 15 16 17 18 19 20 21 22 23 24 25 26 27 |
---------------+----------------------------------------------------------------------------------+-----
Axes           | 2 3 4 5 6 8 9 10 11 12 14 16 18 24 | 24.6
Shields        | 5 7 9 15 17 20 | 20.9
Armour         | 5 6 7 11 13 15 24 | 24.0
Fighting       | 5 8 10 12 15 16 18 20 22 23 24 25 27 | 27.0
Translocations | 2 5 6 8 9 10 12 13 14 | 14.5
Invocations    | 3 8 17 | 17.0
Spellcasting   | 5 7 9 |  9.0
Charms         | 1 4 9 10 | 10.3
Fire Magic     | 3 |  3.0
Conjurations   | 3 6 9 10 13 | 13.0
Air Magic      | 4 5 |  5.0
Poison Magic   | 4 5 |  5.5
Evocations     | 5 8 10 26 | 26.3
Dodging        | 5 9 17 | 17.0
Summonings     | 13 | 13.8
Stealth        | 13 | 13.7
Maces & Flails | 5 |  5.0

Action                   |  1- 3 |  4- 6 |  7- 9 | 10-12 | 13-15 | 16-18 | 19-21 | 22-24 | 25-27 || total
-------------------------+-------+-------+-------+-------+-------+-------+-------+-------+-------++-------
Melee: War axe           |   130 |   311 |   153 |    13 |   159 |       |       |     2 |   198 ||   966
       Trident           |       |       |   352 |   272 |    33 |       |       |       |       ||   657
       Kick              |       |       |    32 |    84 |       |       |       |       |       ||   116
       Headbutt          |       |       |    16 |   189 |   400 |   112 |       |       |       ||   717
       Whip              |       |       |       |   200 |       |       |       |       |       ||   200
       Broad axe         |       |       |       |   414 |  1307 |  1452 |  1895 |  1715 | 10501 || 17284
       Hand axe          |       |       |       |    47 |    81 |       |       |       |       ||   128
       Demon whip        |       |       |       |       |       |       |       |       |    34 ||    34
       Peck              |       |       |       |       |       |       |       |       |    81 ||    81
Throw: Tomahawk          |       |       |     1 |     4 |     9 |     3 |     4 |    16 |     9 ||    46
 Cast: Blink             |       |       |       |     1 |       |       |       |       |     6 ||     7
       Infusion          |       |       |       |       |       |       |     2 |     4 |    92 ||    98
       Lesser Beckoning  |       |       |       |       |       |       |       |    17 |   168 ||   185
       Repel Missiles    |       |       |       |       |       |       |       |     5 |    23 ||    28
       Mephitic Cloud    |       |       |       |       |       |       |       |       |     3 ||     3
       Song of Slaying   |       |       |       |       |       |       |       |       |    67 ||    67
       Summon Butterflie |       |       |       |       |       |       |       |       |    10 ||    10
       Swiftness         |       |       |       |       |       |       |       |       |     1 ||     1
       Summon Forest     |       |       |       |       |       |       |       |       |     1 ||     1
Invok: Heroism           |       |       |     8 |    14 |    25 |    16 |    25 |    20 |    20 ||   128
       Finesse           |       |       |       |       |     3 |     1 |     1 |     1 |     4 ||    10
       Greater Servant o |       |       |       |       |       |       |       |       |    15 ||    15
       Lesser Servant of |       |       |       |       |       |       |       |       |     9 ||     9
 Abil: Blink             |       |       |     4 |       |       |       |       |       |       ||     4
       Fly               |       |       |       |       |     1 |       |       |       |       ||     1
       Evoke Invisibilit |       |       |       |       |       |       |       |       |     1 ||     1
Evoke: Wand              |       |       |       |     1 |       |     1 |       |       |    17 ||    19
       Phantom mirror    |       |       |       |       |     1 |       |       |       |       ||     1
       Sack of spiders   |       |       |       |       |       |       |     2 |     3 |       ||     5
       Disc of storms    |       |       |       |       |       |       |       |     2 |     6 ||     8
       Rod               |       |       |       |       |       |       |       |       |     9 ||     9
       Lamp of fire      |       |       |       |       |       |       |       |       |     8 ||     8
       Phial of floods   |       |       |       |       |       |       |       |       |     7 ||     7
       Fan of gales      |       |       |       |       |       |       |       |       |     1 ||     1
       Figurine of a zig |       |       |       |       |       |       |       |       |     1 ||     1
  Use: Scroll            |       |       |     9 |    14 |    10 |     3 |     1 |    16 |    87 ||   140
       Potion            |       |       |     3 |     2 |     5 |     8 |       |     2 |    30 ||    50
 Stab: Sleeping          |       |       |     2 |     4 |     4 |       |       |       |       ||    10
       Distracted        |       |       |     1 |     1 |     1 |       |     1 |     1 |    15 ||    20
       Petrified         |       |       |       |       |     9 |       |       |       |     5 ||    14
       Confused          |       |       |       |       |       |       |     1 |       |     2 ||     3
       Invisible         |       |       |       |       |       |       |       |       |    13 ||    13
       Petrifying        |       |       |       |       |       |       |       |       |     5 ||     5
       Paralysed         |       |       |       |       |       |       |       |       |     3 ||     3
  Eat: Chunk             |     1 |     4 |    13 |    22 |    44 |    31 |    55 |    61 |   161 ||   392
       Bread ration      |       |     1 |       |       |       |       |       |       |     4 ||     5
       Pizza             |       |       |     3 |       |       |       |       |       |    13 ||    16
       Beef jerky        |       |       |     2 |     2 |     1 |     1 |     1 |       |    10 ||    17
       Fruit             |       |       |       |     4 |       |     9 |     3 |       |     7 ||    23
       Meat ration       |       |       |       |     1 |       |       |     1 |     4 |    11 ||    17
       Royal jelly       |       |       |       |       |     1 |       |     2 |       |     3 ||     6
Armor: Scale mail        |    85 |   165 |    82 |       |       |       |       |       |       ||   332
       Leather armour    |       |       |    66 |   347 |   267 |       |       |       |       ||   680
       Plate armour      |       |       |       |       |   355 |   665 |  1009 |  1085 |  3191 ||  6305
       Gold dragon scale |       |       |       |       |       |       |       |       |     3 ||     3
       Fire dragon scale |       |       |       |       |       |       |       |       |     2 ||     2
Dodge: Dodged            |    46 |    87 |   136 |   261 |   315 |   238 |   393 |   396 |  4290 ||  6162
       Deflected         |       |       |       |       |       |       |       |    26 |   100 ||   126
Block: Shield            |    85 |   141 |   188 |   513 |   974 |  1065 |  1330 |  1372 |  8741 || 14409
